Workbook
Name _Hlk209098655: HISTORICO!$A$2054
Name _Hlk209106479: HISTORICO!$A$5
Name _Hlk209106780: HISTORICO!$A$2039
Name _Hlk209107024: HISTORICO!$A$2177
Name _Hlk209107077: HISTORICO!$A$2298
Name _Hlk209107254: HISTORICO!$A$2429
Name _Hlk209107317: HISTORICO!$A$2445
Name _Hlk209107353: HISTORICO!$A$2459
Name _Hlk209107388: HISTORICO!$A$2468
Name _Hlk209107416: HISTORICO!$A$2480
Name _Hlk209107448: HISTORICO!$A$2487
Name _Hlk209107486: HISTORICO!$A$2504
Name _Hlk209107522: HISTORICO!$A$2758
Name _Hlk209107544: HISTORICO!$A$2767
Name _Hlk209107577: HISTORICO!$A$2876
Name _Hlk209107588: HISTORICO!$A$2892
Name _Hlk209107621: HISTORICO!$A$2929
Name _Hlk209107629: HISTORICO!$A$2941

Sheet HISTORICO
A1: PRESTACIÓN DE SERVICIOS DE SALUD DE BAJA Y MEDIANA COMPLEJIDAD, CON IPS EN EL ÁREA DE: URGENCIAS, HOSPITALIZACIÓN (Y DEMÁS SERVICIOS QUE SE DERIVE DE ELLOS), MEDICINA GENERAL, MEDICINA ESPECIALIZADA, CIRUGÍA AMBULATORIA, INYECTOLOGIA, PARA EL PERSONAL DE USUARIOS RESIDENTES EN EL MUNICIPIO DE BUGA Y SU ÁREA DE INFLUENCIA (YOTOCO, SAN PEDRO, GUACARI, GINEBRA, RESTREPO Y DARIÉN)
A5: ITEMS | B5: CODIGO ALTERNO | C5: CODIGO CUPS | D5: DESCRIPCION | E5: VALOR HISTORICO | F5: VALOR HISTORICO PROYECTADO
A6: 1 | B6: 702203 | C6: 702203 | D6: COLPOSCOPIA CON BIOPSIA | E6: 370440 | F6: =(E6*5.1%)+E6 -> 389332.44
A7: 2 | B7: 431002 | C7: 431002 | D7: GASTROSTOMIA VIA PERCUTANEA (ENDOSCOPICA) | E7: 605405 | F7: =(E7*5.1%)+E7 -> 636280.66
A8: 3 | B8: 890606 | C8: 890606 | D8: ASISTENCIA INTRAHOSPITALARIA POR NUTRICION Y DIETETICA - CONTROL | E8: 26460 | F8: =(E8*5.1%)+E8 -> 27809.46
A9: 4 | B9: 890608 | C9: 890608 | D9: ASISTENCIA INTRAHOSPITALARIA POR PSICOLOGIA | E9: 26460 | F9: =(E9*5.1%)+E9 -> 27809.46
A10: 5 | B10: 890502 | C10: 890502 | D10: PARTICIPACION EN JUNTA MEDICA. POR MEDICINA ESPECIALIZADA Y CASO (PACIENTE) | E10: 63504 | F10: =(E10*5.1%)+E10 -> 66742.704
A11: 6 | B11: 937000 | C11: 937000 | D11: TERAPIA FONOAUDIOLOGICA INTEGRAL SOD | E11: 26460 | F11: =(E11*5.1%)+E11 -> 27809.46
A12: 7 | B12: S22101 | C12: 5DS002 | D12: SALA DE CURACIONES | E12: 31752 | F12: =(E12*5.1%)+E12 -> 33371.352
A13: 8 | B13: 965201 | C13: 965201 | D13: LAVADO E IRRIGACION DE OIDOS | E13: 21168 | F13: =(E13*5.1%)+E13 -> 22247.568
A14: 9 | B14: 931001 | C14: 931001 | D14: TERAPIA FISICA INTEGRAL | E14: 26460 | F14: =(E14*5.1%)+E14 -> 27809.46
A15: 10 | B15: 939403 | C15: 939403 | D15: TERAPIA RESPIRATORIA INTEGRAL | E15: 26460 | F15: =(E15*5.1%)+E15 -> 27809.46
A16: 11 | B16: 53109 | C16: 53109 | D16: BLOQUEO DE NERVIOS PUDENDOS | E16: 158442 | F16: =(E16*5.1%)+E16 -> 166522.54
A17: 12 | B17: 893808 | C17: 893808 | D17: ESPIROMETRIA O CURVA DE FLUJO VOLUMEN SIMPLE | E17: 127008 | F17: =(E17*5.1%)+E17 -> 133485.41
A18: 13 | B18: 110002 | C18: 110002 | D18: EXTRACCION DE CUERPO EXTRAÑO PROFUNDO EN CORNEA | E18: 84672 | F18: =(E18*5.1%)+E18 -> 88990.272
A19: 14 | B19: 951103 | C19: 951103 | D19: FOTOGRAFIA A COLOR DE SEGMENTO POSTERIOR DEL OJO | E19: 158760 | F19: =(E19*5.1%)+E19 -> 166856.76
A20: 15 | B20: 951102 | C20: 951102 | D20: FOTOGRAFIA A COLOR DE SEGMENTO ANTERIOR DEL OJO | E20: 158760 | F20: =(E20*5.1%)+E20 -> 166856.76
A21: 16 | B21: 881313 | C21: 881313 | D21: ECOGRAFIA DE ABDOMEN (PILORO) | E21: 89223 | F21: =(E21*5.1%)+E21 -> 93773.373
A22: 17 | B22: 881211 | C22: 881211 | D22: ECOGRAFIA DE TORAX (PERICARDIO O PLEURA) | E22: 89223 | F22: =(E22*5.1%)+E22 -> 93773.373
A23: 18 | B23: 881130 | C23: 881130 | D23: ECOGRAFÍA DE TEJIDOS BLANDOS DE CARA | E23: 83402 | F23: =(E23*5.1%)+E23 -> 87655.502
A24: 19 | B24: 881151 | C24: 881151 | D24: ECOGRAFIA DE GLANGLIOS CERVICALES (MAPEO) | E24: 89223 | F24: =(E24*5.1%)+E24 -> 93773.373
... A2024: 2019 | B2024: 91100302 | C2024: 911003 | D2024: COOMBS INDIRECTO. PRUEBA CUALITATIVA | E2024: 16194 | F2024: =(E2024*5.1%)+E2024 -> 17019.894
A2025: 2020 | B2025: S12103 | C2025: 110A01 | D2025: INTERNACIÓN EN UNIDAD DE CUIDADO INTENSIVO ADULTOS | E2025: 1563100 | F2025: =(E2025*5.1%)+E2025 -> 1642818.1
A2026: 2021 | B2026: S12101 | C2026: 108A01 | D2026: INTERNACIÓN EN UNIDAD DE CUIDADO INTENSIVO NEONATAL | E2026: 1563100 | F2026: =(E2026*5.1%)+E2026 -> 1642818.1
A2027: 2022 | B2027: S12400 | C2027: 120B01 | D2027: INTERNACIÓN EN UNIDAD DE CUIDADO BÁSICO NEONATAL (CUNA O INCUBADORA) | E2027: 547947 | F2027: =(E2027*5.1%)+E2027 -> 575892.3
A2028: 2023 | B2028: S12203 | C2028: 107M01 | D2028: INTERNACIÓN EN UNIDAD DE CUIDADO INTERMEDIO ADULTO | E2028: 970200 | F2028: =(E2028*5.1%)+E2028 -> 1019680.2
A2029: 2024 | B2029: S12201 | C2029: 105M01 | D2029: INTERNACIÓN EN UNIDAD DE CUIDADO INTERMEDIO NEONATAL | E2029: 970200 | F2029: =(E2029*5.1%)+E2029 -> 1019680.2
A2030: 2025 | B2030: S11301 | C2030: 129A01 | D2030: INTERNACIÓN COMPLEJIDAD ALTA HABITACION UNIPERSONAL (INCLUYE AISLAMIENTO) | E2030: 431200 | F2030: =(E2030*5.1%)+E2030 -> 453191.2
A2031: 2026 | B2031: S11302 | C2031: 129A02 | D2031: INTERNACIÓN COMPLEJIDAD ALTA HABITACION BIPERSONAL | E2031: 377300 | F2031: =(E2031*5.1%)+E2031 -> 396542.3
A2032: 2027 | B2032: S11303 | C2032: 129A02 | D2032: INTERNACIÓN COMPLEJIDAD ALTA TRES O MÁS CAMAS | E2032: 377300 | F2032: =(E2032*5.1%)+E2032 -> 396542.3
A2033: 2028 | B2033: S11304 | C2033: 129A02 | D2033: INTERNACIÓN COMPLEJIDAD ALTA CUATRO O MÁS CAMAS | E2033: 269500 | F2033: =(E2033*5.1%)+E2033 -> 283244.5
A2034: 2029 | B2034: S20200 | C2034: 5DSA01 | D2034: SALA DE OBSERVACION (URGENCIAS) DE COMPLEJIDAD ALTA SOD | E2034: 172480 | F2034: =(E2034*5.1%)+E2034 -> 181276.48
A2035: 2030 | B2035: S22101 | C2035: 5DS002 | D2035: SALA DE CURACIONES | E2035: 32340 | F2035: =(E2035*5.1%)+E2035 -> 33989.34
A2039: ITEMS | B2039: CODIGO ALTERNO | C2039: CODIGO CUPS | D2039: DESCRIPCION | E2039: VALOR HISTORICO | F2039: VALOR HISTORICO PROYECTADO
A2040: 1 | B2040: 964900 | C2040: 964900 | D2040: INSTILACION GENITOURINARIA SOD | E2040: 175000 | F2040: =(E2040*5.1%)+E2040 -> 183925
A2041: 2 | B2041: 881511 | C2041: 881511 | D2041: ECOGRAFIA TESTICULAR CON ANALISIS DOPPLER | E2041: 92730 | F2041: =(E2041*5.1%)+E2041 -> 97459.23
A2042: 3 | B2042: 890207 | C2042: 890207 | D2042: CONSULTA DE PRIMERA VEZ POR OPTOMETRIA | E2042: 86400 | F2042: =(E2042*5.1%)+E2042 -> 90806.4
A2043: 4 | B2043: 89020207 | C2043: 890202 | D2043: CONSULTA DE PRIMERA VEZ POR OTRAS ESPECIALIDADES MEDICAS (CARDIOLOGIA) | E2043: 132000 | F2043: =(E2043*5.1%)+E2043 -> 138732
A2044: 5 | B2044: 89020211 | C2044: 890202 | D2044: CONSULTA DE PRIMERA VEZ POR OTRAS ESPECIALIDADES MEDICAS (CIRUGIA PLASTICA ESTETICA Y RECONSTRUCTIVA) | E2044: 132000 | F2044: =(E2044*5.1%)+E2044 -> 138732
A2045: 6 | B2045: 89020212 | C2045: 890202 | D2045: CONSULTA DE PRIMERA VEZ POR OTRAS ESPECIALIDADES MEDICAS (CIRUGIA VASCULAR) | E2045: 132000 | F2045: =(E2045*5.1%)+E2045 -> 138732
A2046: 7 | B2046: 89020214 | C2046: 890202 | D2046: CONSULTA DE PRIMERA VEZ POR OTRAS ESPECIALIDADES MEDICAS (NEUROCIRUGIA) | E2046: 132000 | F2046: =(E2046*5.1%)+E2046 -> 138732
A2047: 8 | B2047: 89020219 | C2047: 890202 | D2047: CONSULTA DE PRIMERA VEZ POR OTRAS ESPECIALIDADES MEDICAS (NEUMOLOGIA) | E2047: 132000 | F2047: =(E2047*5.1%)+E2047 -> 138732
A2048: 9 | B2048: 89020201 | C2048: 890202 | D2048: CONSULTA DE PRIMERA VEZ POR OTRAS ESPECIALIDADES MEDICAS (MEDICINA INTERNA) | E2048: 132000 | F2048: =(E2048*5.1%)+E2048 -> 138732
A2049: 10 | B2049: 89020202 | C2049: 890202 | D2049: CONSULTA DE PRIMERA VEZ POR OTRAS ESPECIALIDADES MEDICAS (CIRUGIA GENERAL) | E2049: 132000 | F2049: =(E2049*5.1%)+E2049 -> 138732
A2050: 11 | B2050: 89020204 | C2050: 890202 | D2050: CONSULTA DE PRIMERA VEZ POR OTRAS ESPECIALIDADES MEDICAS (ORTOPEDIA Y TRAUMATOLOGIA) | E2050: 132000 | F2050: =(E2050*5.1%)+E2050 -> 138732
A2051: 12 | B2051: 89020205 | C2051: 890202 | D2051: CONSULTA DE PRIMERA VEZ POR OTRAS ESPECIALIDADES MEDICAS (PEDIATRIA) | E2051: 132000 | F2051: =(E2051*5.1%)+E2051 -> 138732
... A2060: 21 | B2060: 89020224 | C2060: 890202 | D2060: CONSULTA DE PRIMERA VEZ POR OTRAS ESPECIALIDADES MEDICAS (RADIOLOGIA INTERVENCIONISTA) | E2060: 200000 | F2060: =(E2060*5.1%)+E2060 -> 210200
A2064: PAQUETES
A2065: CODIGO CUPS | B2065: DESCRIPCIÓN | C2065: OBSERVACIONES | D2065: VALOR HISTORICO | E2065: VALOR HISTORICO PROYECTADO
A2066: 879901 | B2066: ANGIO-TAC de Torax para Embolismo Pulmonar | C2066: No incluye medio de contraste | D2066: 1764000 | E2066: =(D2066*5.1%)+D2066 -> 1853964
A2067: 879901 | B2067: ANGIO-TAC de vasos intracraneales | C2067: No incluye medio de contraste | D2067: 1666000 | E2067: =(D2067*5.1%)+D2067 -> 1750966
A2068: 879901 | B2068: ANGIO-TAC de Cuello | C2068: No incluye medio de contraste | D2068: 1666000 | E2068: =(D2068*5.1%)+D2068 -> 1750966
A2069: 879901 | B2069: ANGIO-TAC de Aorta Taracoabdominal | C2069: No incluye medio de contraste | D2069: 2626400 | E2069: =(D2069*5.1%)+D2069 -> 2760346.4
A2070: 879901 | B2070: ANGIO-TAC de Aorta Abdominal | C2070: No incluye medio de contraste | D2070: 1832600 | E2070: =(D2070*5.1%)+D2070 -> 1926062.6
A2071: 879901 | B2071: ANGIO-TAC de miembros Inferiores | C2071: No incluye medio de contraste | D2071: 2205000 | E2071: =(D2071*5.1%)+D2071 -> 2317455
A2072: 879901 | B2072: ANGIO-TC de miembros superiores | C2072: No incluye medio de contraste | D2072: 2205000 | E2072: =(D2072*5.1%)+D2072 -> 2317455
A2073: 879430 | B2073: UROTAC | C2073: No incluye medio de contraste | D2073: 637000 | E2073: =(D2073*5.1%)+D2073 -> 669487
A2074: 399501 | B2074: HEMODIALISIS EN PACIENTE RENAL AGUDO SES | C2074: PAQUETE | D2074: 637000 | E2074: =(D2074*5.1%)+D2074 -> 669487
A2075: 549002 | B2075: INSERCION DE CATETER PARA HEMODIALISIS | D2075: 784000 | E2075: =(D2075*5.1%)+D2075 -> 823984
A2076: 399804 | B2076: HEMODIAFILTRACIÓN VENOVENOSA 72 HORAS | D2076: 5390000 | E2076: =(D2076*5.1%)+D2076 -> 5664890
A2077: 399804 | B2077: HEMODIAFILTRACIÓN VENOVENOSA 24 HORAS | D2077: 323400 | E2077: =(D2077*5.1%)+D2077 -> 339893.4
A2078: 911203 | B2078: PROCESAMIENTO DE PLASMA POR AFÉRESIS O PLASMAFÉRESIS | D2078: 3528000 | E2078: =(D2078*5.1%)+D2078 -> 3707928
A2079: 399502 | B2079: HEMOPERFUSIÓN | C2079: tres tipos de filtros | D2079: 4851000 | E2079: =(D2079*5.1%)+D2079 -> 5098401
A2080: 399602 | B2080: TERAPIA REMOCION DE CO2 (ECCO2R) CON TECNOLOGIA DECAPSMART | C2080: PAQUETE | D2080: 19110000 | E2080: =(D2080*5.1%)+D2080 -> 20084610
A2081: 471102 | B2081: APENDICECTOMIA VIA ABIERTA | C2081: PAQUETE | D2081: 3234000 | E2081: =(D2081*5.1%)+D2081 -> 3398934
A2082: 471110 | B2082: APENDICECTOMIA VIA LAPAROSCOPICA | C2082: PAQUETE | D2082: 4018000 | E2082: =(D2082*5.1%)+D2082 -> 4222918
A2083: 512104 | B2083: COLECISTECTOMIA VIA LAPAROSCOPICA | C2083: PAQUETE | D2083: 4018000 | E2083: =(D2083*5.1%)+D2083 -> 4222918
A2084: 530001 | B2084: HERNIORRAFIA INGUINAL UNILATERAL VIA ABIERTA | C2084: PAQUETE | D2084: 1960000 | E2084: =(D2084*5.1%)+D2084 -> 2059960
A2085: 530401 | B2085: HERNIORRAFIA INGUINAL REPRODUCIDA VIA ABIERTA | C2085: PAQUETE | D2085: 1903963 | E2085: =(D2085*5.1%)+D2085 -> 2001065.1
A2086: 534001 | B2086: HERNIORRAFIA UMBILICAL VIA ABIERTA | C2086: PAQUETE | D2086: 1500677 | E2086: =(D2086*5.1%)+D2086 -> 1577211.5
A2087: 130003 | B2087: CATARATA POR FACOEMULSIFICACIÓN | C2087: PAQUETE | D2087: 2468563 | E2087: =(D2087*5.1%)+D2087 -> 2594459.7
A2088: 602002 | B2088: ADENOMECTOMIA O PROSTATECTOMIA TRANSVESICAL | C2088: PAQUETE | D2088: 4865557 | E2088: =(D2088*5.1%)+D2088 -> 5113700.4
A2089: 735301 | B2089: ASISTENCIA DEL PARTO CON O SIN EPISIORRAFIA O PERINEORRAFIA | C2089: PAQUETE | D2089: 1704024 | E2089: =(D2089*5.1%)+D2089 -> 1790929.2
A2090: 740001 | B2090: CESAREA SEGMENTARIA TRANSPERITONEAL | C2090: PAQUETE | D2090: 2490147 | E2090: =(D2090*5.1%)+D2090 -> 2617144.5
... A2138: 441302 | B2138: ESOFAGOGASTRODUODENOSCOPIA [EGD] CON O SIN BIOPSIA | C2138: No incluye procesamiento de especimen | D2138: 382200 | E2138: =(D2138*5.1%)+D2138 -> 401692.2
A2139: 452301 | B2139: COLONOSCOPIA TOTAL | D2139: 480200 | E2139: =(D2139*5.1%)+D2139 -> 504690.2
A2140: 452305 | B2140: COLONOSCOPIA TOTAL CON O SIN BIOPSIA | C2140: NO INCLUYE PROCESAMIENTO DE LA BIOPSIA | D2140: 509600 | E2140: =(D2140*5.1%)+D2140 -> 535589.6
A2141: 431100 | B2141: GASTROSTOMIA (SIN KIT) | D2141: 637000 | E2141: =(D2141*5.1%)+D2141 -> 669487
A2142: 454207 | B2142: RESECCION DE LESION DE INTESTINO GRUESO VIA ENDOSCOPICA (1- 3) | C2142: NO INCLUYE ASA DE POLIPECTOMIA | D2142: 637000 | E2142: =(D2142*5.1%)+D2142 -> 669487
A2143: 494001 | B2143: LIGADURA DE HEMORROIDES | C2143: NO INCLUYE INSUMOS DE LIGADURA | D2143: 686000 | E2143: =(D2143*5.1%)+D2143 -> 720986
A2144: 434001 | B2144: ESCISION DE POLIPOS GASTRICOS VIA ENDOSCOPICA (NO INCLUYE INSUMOS) | C2144: NO INCLUYE ASA DE POLIPECTOMIA | D2144: 686000 | E2144: =(D2144*5.1%)+D2144 -> 720986
A2145: 482301 | B2145: PROCTOSIGMOIDOSCOPIA RIGIDA O FLEXIBLE | D2145: 637000 | E2145: =(D2145*5.1%)+D2145 -> 669487
A2146: 423305 | B2146: LIGADURA ENDOSCOPICA DE VARICES ESOFAGICAS NO INCLUYE KIT DE LIGADURA | D2146: 686000 | E2146: =(D2146*5.1%)+D2146 -> 720986
A2147: 429405 | B2147: EXTRACCIÓN ENDOSCOPICA DE CUERPO EXTRAÑO EN ESÓFAGO | D2147: 686000 | E2147: =(D2147*5.1%)+D2147 -> 720986
A2148: 452401 | B2148: SIGMOIDOSCOPIA FLEXIBLE O RIGIDA | D2148: 803228 | E2148: =(D2148*5.1%)+D2148 -> 844192.63
A2149: 441301 | B2149: ESOFAGOGASTROSCOPIA (CON EXTRACCION DE CUERPO EXTRAÑO) | D2149: 637000 | E2149: =(D2149*5.1%)+D2149 -> 669487
A2150: 960801 | B2150: INSERCION ENDOSCOPICA DE SONDA NASOYEYUNAL | C2150: NO INCLUYE SONDA NASOYEYUNAL | D2150: 686000 | E2150: =(D2150*5.1%)+D2150 -> 720986
A2151: 975100 | B2151: EXTRACCION DE TUBO DE GASTROSTOMIA SOD | D2151: 377496 | E2151: =(D2151*5.1%)+D2151 -> 396748.3
A2152: 423301 | B2152: POLIPECTOMIA ENDOSCOPICA DE ESOFAGO | C2152: NO INCLUYE ASA DE POLIPECTOMIA | D2152: 686000 | E2152: =(D2152*5.1%)+D2152 -> 720986
A2153: 970200 | B2153: SUSTITUCION DE TUBO (SONDA) DE GASTROSTOMIA SOD (405) INCLUYE SONDA O TUBO DE GASTROSTOMIA | D2153: 377496 | E2153: =(D2153*5.1%)+D2153 -> 396748.3
A2154: 434102 | B2154: CONTROL ENDOSCOPICO DE HEMORRAGIA GASTRICA MEDIANTE ESCLEROTERAPIA | C2154: NO INCLUYE AGUJA DE ESCLEROTERAPIA | D2154: 686000 | E2154: =(D2154*5.1%)+D2154 -> 720986
A2155: 970100 | B2155: SUSTITUCION DE TUBO (SONDA) NASOGASTRICO O DE ESOFAGOSTOMIA SOD (405) NO INCLUYE SONDA O TUBO | C2155: NO INCLUYE SONDA O TUBO | D2155: 377496 | E2155: =(D2155*5.1%)+D2155 -> 396748.3
A2156: 422300 | B2156: ESOFAGOSCOPIA VIA ORAL EXPLORATORIA O DIAGNOSTICA SIN BIOPSIA SOD | D2156: 367010 | E2156: =(D2156*5.1%)+D2156 -> 385727.51
A2157: 441200 | B2157: GASTROSCOPIA A TRAVES DE ESTOMA ARTIFICIAL SOD | D2157: 723534 | E2157: =(D2157*5.1%)+D2157 -> 760434.23
A2158: 423302 | B2158: CONTROL ENDOSCOPICO DE HEMORRAGIA O FULGURACION DE MUCOSA ESOFAGICA | C2158: NO INCLUYE AGUJA DE ESCLEROTERAPIA | D2158: 1084253 | E2158: =(D2158*5.1%)+D2158 -> 1139549.9
A2159: 423304 | B2159: INYECCION (ESCLEROSIS) ENDOSCOPICA DE VARICES ESOFAGICAS NO INCLUYE AGUJA | D2159: 1084253 | E2159: =(D2159*5.1%)+D2159 -> 1139549.9
A2160: 434103 | B2160: CONTROL ENDOSCOPICO DE HEMORRAGIA GASTRICA MEDIANTE CORRIENTE BIPOLAR | C2160: NO INCLUYE AGUJA DE ESCLEROTERAPIA | D2160: 686000 | E2160: =(D2160*5.1%)+D2160 -> 720986
A2161: 442200 | B2161: DILATACION ENDOSCOPICA DE PILORO SOD | C2161: NO INCLUYE BALÓN | D2161: 1084253 | E2161: =(D2161*5.1%)+D2161 -> 1139549.9
A2162: 444300 | B2162: CONTROL ENDOSCOPICO DE HEMORRAGIA GASTRICA O DUODENAL | C2162: NO INCLUYE AGUJA DE ESCLEROTERAPIA | D2162: 1084253 | E2162: =(D2162*5.1%)+D2162 -> 1139549.9
A2163: 452100 | B2163: ENDOSCOPIA TRANSABDOMINAL DE INTESTINO GRUESO SOD | D2163: 1080058 | E2163: =(D2163*5.1%)+D2163 -> 1135141
...

Sheet MERCADO
A1: PRESTACIÓN DE SERVICIOS DE SALUD DE BAJA Y MEDIANA COMPLEJIDAD, CON IPS EN EL ÁREA DE: URGENCIAS, HOSPITALIZACIÓN (Y DEMÁS SERVICIOS QUE SE DERIVE DE ELLOS), MEDICINA GENERAL, MEDICINA ESPECIALIZADA, CIRUGÍA AMBULATORIA, INYECTOLOGIA, PARA EL PERSONAL DE USUARIOS RESIDENTES EN EL MUNICIPIO DE BUGA Y SU ÁREA DE INFLUENCIA (YOTOCO, SAN PEDRO, GUACARI, GINEBRA, RESTREPO Y DARIÉN)
A5: ITEM | B5: CODIGO ALTERNO | C5: COD CUPS | D5: DESCRIPCION IPS | E5: DESCRIPCION CUPS | F5: FHSJB | G5: REDESIMAT | H5: DIVINO NIÑO | I5: VALOR MERCADO
A6: 1 | B6: 908856 | C6: 908856 | D6: PCR IDENTIFICACIÓN DE OTRO VIRUS (ESPECÍFICA) POR PRUEBAS MOLECULARES | E6: IDENTIFICACIÓN DE OTRO VIRUS (ESPECÍFICA) POR PRUEBAS MOLECULARES | F6: 155000 | G6: NO OFERTA | H6: NO OFERTA | I6: =MIN(F6:H6) -> 155000
A7: 2 | B7: 903043 | C7: 903043 | D7: PRUEBA DE ALIENTO (13 C UREA) PARA HELICOBACTER PILORY | E7: PRUEBA DE ALIENTO (13 C UREA) PARA HELICOBACTER PILORY | F7: 244000 | G7: NO OFERTA | H7: NO OFERTA | I7: =MIN(F7:H7) -> 244000
A8: 3 | B8: 711110 | C8: 711110 | D8: BIOPSIA DE LABIO MAYOR VULVA | E8: BIOPSIA DE LABIO MAYOR VULVA | F8: 183100 | G8: NO OFERTA | H8: NO OFERTA | I8: =MIN(F8:H8) -> 183100
A9: 4 | B9: 272301 | C9: 272301 | D9: BIOPSIA INCISIONAL DE LABIO | E9: BIOPSIA INCISIONAL DE LABIO | F9: 183100 | G9: NO OFERTA | H9: NO OFERTA | I9: =MIN(F9:H9) -> 183100
A10: 5 | B10: 718101 | C10: 718101 | D10: EXTRACCION DE CUERPO EXTRAÑO DE VULVA O PERINE SIN INCISION | E10: EXTRACCIÓN DE CUERPO EXTRAÑO DE VULVA O PERINÉ SIN INCISIÓN | F10: 183100 | G10: NO OFERTA | H10: NO OFERTA | I10: =MIN(F10:H10) -> 183100
A11: 6 | B11: 136504 | C11: 136504 | D11: CAPSULOTOMIA MANUAL | E11: CAPSULOTOMÍA MANUAL | F11: 183100 | G11: NO OFERTA | H11: NO OFERTA | I11: =MIN(F11:H11) -> 183100
A12: 7 | B12: 243101 | C12: 243101 | D12: ESCISION DE LESION BENIGNA ENCAPSULADA EN ENCIA HASTA DE TRES CENTIMETROS | E12: ESCISIÓN DE LESIÓN BENIGNA ENCAPSULADA EN ENCÍA HASTA DE TRES CENTÍMETROS | F12: 183100 | G12: NO OFERTA | H12: NO OFERTA | I12: =MIN(F12:H12) -> 183100
A13: 8 | B13: 255006 | C13: 255006 | D13: PLASTIA DE FRENILLO LINGUAL | E13: PLASTIA DE FRENILLO LINGUAL | F13: 183100 | G13: NO OFERTA | H13: NO OFERTA | I13: =MIN(F13:H13) -> 183100
A14: 9 | B14: 272401 | C14: 272401 | D14: BIOPSIA POR ASPIRACION CON AGUJA FINA EN CAVIDAD ORAL [BACAF] | E14: BIOPSIA POR ASPIRACIÓN CON AGUJA FINA EN CAVIDAD ORAL [BACAF] | F14: 183100 | G14: NO OFERTA | H14: NO OFERTA | I14: =MIN(F14:H14) -> 183100
A15: 10 | B15: 274901 | C15: 274901 | D15: REMOCION DE CUERPO EXTRAÑO EN TEJIDOS BLANDOS DE LA BOCA | E15: REMOCIÓN DE CUERPO EXTRAÑO EN TEJIDOS BLANDOS DE LA BOCA | F15: 183100 | G15: NO OFERTA | H15: =VLOOKUP(C15,'D NIÑO'!$A$2:$E$741,5,0) -> 52300 | I15: =MIN(F15:H15) -> 52300
A16: 11 | B16: 275201 | C16: 275201 | D16: ESTOMATORRAFIA (SUTURA DE HERIDA EN MUCOSA ORAL) DE MENOS DE CINCO CENTIMETROS | E16: ESTOMATORRAFIA (SUTURA DE HERIDA EN MUCOSA ORAL) DE MENOS DE CINCO CENTÍMETROS | F16: 183100 | G16: NO OFERTA | H16: NO OFERTA | I16: =MIN(F16:H16) -> 183100
A17: 12 | B17: 275202 | C17: 275202 | D17: ESTOMATORRAFIA (SUTURA DE HERIDA EN MUCOSA ORAL) DE MAS DE CINCO CENTIMETROS | E17: ESTOMATORRAFIA (SUTURA DE HERIDA EN MUCOSA ORAL) DE MÁS DE CINCO CENTÍMETROS | F17: 183100 | G17: NO OFERTA | H17: NO OFERTA | I17: =MIN(F17:H17) -> 183100
A18: 13 | B18: 289102 | C18: 289102 | D18: BIOPSIA DE AMIGDALAS O VEGETACIONES ADENOIDES | E18: BIOPSIA DE AMÍGDALAS O VEGETACIONES ADENOIDES | F18: 183100 | G18: NO OFERTA | H18: NO OFERTA | I18: =MIN(F18:H18) -> 183100
A19: 14 | B19: 613102 | C19: 613102 | D19: FULGURACION DE LESION ESCROTAL | E19: FULGURACIÓN DE LESIÓN ESCROTAL | F19: 183100 | G19: NO OFERTA | H19: NO OFERTA | I19: =MIN(F19:H19) -> 183100
A20: 15 | B20: 642101 | C20: 642101 | D20: FULGURACION O RESECCION DE LESION EN PENE SOD | E20: FULGURACIÓN O RESECCIÓN DE LESIÓN EN PENE SOD | F20: 183100 | G20: NO OFERTA | H20: NO OFERTA | I20: =MIN(F20:H20) -> 183100
A21: 16 | B21: 711301 | C21: 711301 | D21: BIOPSIA EN PERINE | E21: BIOPSIA EN PERINÉ | F21: 183100 | G21: NO OFERTA | H21: NO OFERTA | I21: =MIN(F21:H21) -> 183100
A22: 17 | B22: 712002 | C22: 712002 | D22: INCISION Y DRENAJE DE LA GLANDULA DE BARTHOLIN | E22: INCISIÓN Y DRENAJE DE LA GLÁNDULA DE BARTHOLIN | F22: 183100 | G22: NO OFERTA | H22: =VLOOKUP(C22,'D NIÑO'!$A$2:$E$741,5,0) -> 385900 | I22: =MIN(F22:H22) -> 183100
A23: 18 | B23: 713501 | C23: 713501 | D23: RESECCION DE GRANULOMA VULVO-PERINEAL | E23: RESECCIÓN DE GRANULOMA VULVO-PERINEAL | F23: 183100 | G23: NO OFERTA | H23: NO OFERTA | I23: =MIN(F23:H23) -> 183100
A24: 19 | B24: 761201 | C24: 761201 | D24: ARTROCENTESIS DIAGNOSTICA DE ARTICULACION TEMPOROMANDIBULAR | E24: ARTROCENTESIS DIAGNÓSTICA DE ARTICULACIÓN TEMPOROMANDIBULAR | F24: 183100 | G24: NO OFERTA | H24: NO OFERTA | I24: =MIN(F24:H24) -> 183100
A25: 20 | B25: 786602 | C25: 786602 | D25: EXTRACCION DE CUERPO EXTRAÑO EN ROTULA. VIA ABIERTA | E25: EXTRACCIÓN DE CUERPO EXTRAÑO EN RÓTULA, VÍA ABIERTA | F25: 183100 | G25: NO OFERTA | H25: NO OFERTA | I25: =MIN(F25:H25) -> 183100
A26: 21 | B26: 790101 | C26: 790101 | D26: REDUCCION CERRADA DE FRACTURA SIN FIJACION INTERNA DE ESCAPULA. CLAVICULA O TORAX (COSTILLAS O ESTERNON) SOD | E26: REDUCCIÓN CERRADA DE FRACTURA SIN FIJACIÓN INTERNA DE ESCÁPULA, CLAVÍCULA O TÓRAX (COSTILLAS O ESTERNÓN) SOD | F26: 183100 | G26: NO OFERTA | H26: NO OFERTA | I26: =MIN(F26:H26) -> 183100
A27: 22 | B27: 863103 | C27: 863103 | D27: RESECCION DE LESIONES CUTANEAS POR CAUTERIZACION. FULGURACION O CRIOTERAPIA EN AREA ESPECIAL. HASTA TRES LESIONES | E27: RESECCIÓN DE LESIONES CUTÁNEAS POR CAUTERIZACIÓN, FULGURACIÓN O CRIOTERAPIA EN ÁREA ESPECIAL, HASTA TRES LESIONES | F27: 183100 | G27: NO OFERTA | H27: =VLOOKUP(C27,'D NIÑO'!$A$2:$E$741,5,0) -> 102700 | I27: =MIN(F27:H27) -> 102700
A28: 23 | B28: 868602 | C28: 868602 | D28: REPOSICION UÑA DE POLIETILENO | E28: REPOSICIÓN UÑA DE POLIETILENO | F28: 183100 | G28: NO OFERTA | H28: NO OFERTA | I28: =MIN(F28:H28) -> 183100
A29: 24 | B29: 180101 | C29: 180101 | D29: DRENAJE DE COLECCION DE PABELLON AURICULAR SOD | E29: DRENAJE DE COLECCIÓN DE PABELLÓN AURÍCULAR SOD | F29: 223100 | G29: NO OFERTA | H29: NO OFERTA | I29: =MIN(F29:H29) -> 223100
A30: 25 | B30: 243102 | C30: 243102 | D30: ESCISION DE LESION BENIGNA ENCAPSULADA EN ENCIA DE MAS DE TRES CENTIMETROS | E30: ESCISIÓN DE LESIÓN BENIGNA ENCAPSULADA EN ENCÍA DE MÁS DE TRES CENTÍMETROS | F30: 237000 | G30: NO OFERTA | H30: NO OFERTA | I30: =MIN(F30:H30) -> 237000
A31: 26 | B31: 345401 | C31: 345401 | D31: BIOPSIA DE PLEURA PERCUTANEA | E31: BIOPSIA DE PLEURA PERCUTÁNEA | F31: 237000 | G31: NO OFERTA | H31: NO OFERTA | I31: =MIN(F31:H31) -> 237000
A32: 27 | B32: 641101 | C32: 641101 | D32: BIOPSIA DE PENE SOD | E32: BIOPSIA DE PENE SOD | F32: 237000 | G32: NO OFERTA | H32: NO OFERTA | I32: =MIN(F32:H32) -> 237000
A33: 28 | B33: 671201 | C33: 671201 | D33: BIOPSIA EN SACABOCADO DE CUELLO UTERINO | E33: BIOPSIA EN SACABOCADO DE CUELLO UTERINO | F33: 237000 | G33: NO OFERTA | H33: NO OFERTA | I33: =MIN(F33:H33) -> 237000
A34: 29 | B34: 671202 | C34: 671202 | D34: BIOPSIA DE CUELLO UTERINO CIRCUNFERENCIAL | E34: BIOPSIA DE CUELLO UTERINO CIRCUNFERENCIAL | F34: 237000 | G34: NO OFERTA | H34: NO OFERTA | I34: =MIN(F34:H34) -> 237000
A35: 30 | B35: 681105 | C35: 681105 | D35: BIOPSIA DE ENDOMETRIO | E35: BIOPSIA DE ENDOMETRIO | F35: 237000 | G35: NO OFERTA | H35: NO OFERTA | I35: =MIN(F35:H35) -> 237000
A36: 31 | B36: 761101 | C36: 761101 | D36: BIOPSIA DE HUESOS MAXILARES | E36: BIOPSIA DE HUESOS MAXILARES | F36: 237000 | G36: NO OFERTA | H36: NO OFERTA | I36: =MIN(F36:H36) -> 237000
A37: 32 | B37: 861201 | C37: 861201 | D37: EXTRACCION DE CUERPO EXTRAÑO EN PIEL O TEJIDO CELULAR SUBCUTANEO DE AREA GENERAL POR INCISION | E37: EXTRACCIÓN DE CUERPO EXTRAÑO EN PIEL O TEJIDO CELULAR SUBCUTÁNEO DE ÁREA GENERAL POR INCISIÓN | F37: 237000 | G37: NO OFERTA | H37: NO OFERTA | I37: =MIN(F37:H37) -> 237000
A38: 33 | B38: 862801 | C38: 862801 | D38: DESBRIDAMIENTO NO ESCISIONAL DE TEJIDO DESVITALIZADO HASTA DEL 5% DE SUPERFICIE CORPORAL | E38: DESBRIDAMIENTO NO ESCISIONAL DE TEJIDO DESVITALIZADO HASTA DEL 5% DE SUPERFICIE CORPORAL | F38: 237000 | G38: NO OFERTA | H38: NO OFERTA | I38: =MIN(F38:H38) -> 237000
A39: 34 | B39: 863104 | C39: 863104 | D39: RESECCION DE LESIONES CUTANEAS POR CAUTERIZACION. FULGURACION O CRIOTERAPIA EN AREA ESPECIAL. ENTRE TRES A DIEZ LESIONES | E39: RESECCIÓN DE LESIONES CUTÁNEAS POR CAUTERIZACIÓN, FULGURACIÓN O CRIOTERAPIA EN ÁREA ESPECIAL, ENTRE TRES A DIEZ LESIONES | F39: 237000 | G39: NO OFERTA | H39: =VLOOKUP(C39,'D NIÑO'!$A$2:$E$741,5,0) -> 185000 | I39: =MIN(F39:H39) -> 185000
A40: 35 | B40: 865101 | C40: 865101 | D40: SUTURA DE HERIDA UNICA. EN AREA GENERAL | E40: SUTURA DE HERIDA ÚNICA, EN ÁREA GENERAL | F40: 237000 | G40: NO OFERTA | H40: =VLOOKUP(C40,'D NIÑO'!$A$2:$E$741,5,0) -> 32700 | I40: =MIN(F40:H40) -> 32700
A41: 36 | B41: 10201 | C41: 10201 | D41: PUNCION (ASPIRACION DE LIQUIDO) VENTRICULAR A TRAVES DE CATETER PREVIAMENTE IMPLANTADO | E41: PUNCIÓN (ASPIRACIÓN DE LÍQUIDO) VENTRICULAR A TRAVÉS DE CATÉTER PREVIAMENTE IMPLANTADO | F41: 260100 | G41: NO OFERTA | H41: NO OFERTA | I41: =MIN(F41:H41) -> 260100
A42: 37 | B42: 10205 | C42: 10205 | D42: PUNCION (ASPIRACION DE LIQUIDO) VENTRICULAR | E42: PUNCIÓN (ASPIRACIÓN DE LÍQUIDO) VENTRICULAR | F42: 260100 | G42: NO OFERTA | H42: NO OFERTA | I42: =MIN(F42:H42) -> 260100
A43: 38 | B43: 41201 | C43: 41201 | D43: BIOPSIA ABIERTA DE NERVIO O GANGLIO PERIFERICO SOD | E43: BIOPSIA ABIERTA DE NERVIO O GANGLIO PERIFÉRICO SOD | F43: 260100 | G43: NO OFERTA | H43: NO OFERTA | I43: =MIN(F43:H43) -> 260100
A44: 39 | B44: 82101 | C44: 82101 | D44: RESECCION DE CHALAZION VIA ANTERIOR | E44: RESECCIÓN DE CHALAZIÓN VÍA ANTERIOR | F44: 260100 | G44: NO OFERTA | H44: NO OFERTA | I44: =MIN(F44:H44) -> 260100
A45: 40 | B45: 83801 | C45: 83801 | D45: CANTOTOMIA | E45: CANTOTOMÍA | F45: 260100 | G45: NO OFERTA | H45: NO OFERTA | I45: =MIN(F45:H45) -> 260100
A46: 41 | B46: 88201 | C46: 88201 | D46: SUTURA SUPERFICIAL DE HERIDA UNICA DE PARPADO | E46: SUTURA SUPERFICIAL DE HERIDA ÚNICA DE PÁRPADO | F46: 260100 | G46: NO OFERTA | H46: NO OFERTA | I46: =MIN(F46:H46) -> 260100
A47: 42 | B47: 97201 | C47: 97201 | D47: PLASTIA DE PUNTO LAGRIMAL SIMPLE | E47: PLASTIA DE PUNTO LAGRIMAL SIMPLE | F47: 260100 | G47: NO OFERTA | H47: NO OFERTA | I47: =MIN(F47:H47) -> 260100
A48: 43 | B48: 106101 | C48: 106101 | D48: SUTURA EN LA CONJUNTIVA | E48: SUTURA EN LA CONJUNTIVA | F48: 260100 | G48: NO OFERTA | H48: NO OFERTA | I48: =MIN(F48:H48) -> 260100
A49: 44 | B49: 182201 | C49: 182201 | D49: RESECCION DE APENDICE PREAURICULAR SOD OIDO EXTERNO Y PABELLON AURICULAR | E49: RESECCIÓN DE APÉNDICE PREAURÍCULAR SOD | F49: 260100 | G49: NO OFERTA | H49: NO OFERTA | I49: =MIN(F49:H49) -> 260100
A50: 45 | B50: 182301 | C50: 182301 | D50: RESECCION DE QUISTE DE PABELLON AURICULAR SOD | E50: RESECCIÓN DE QUISTE DE PABELLÓN AURÍCULAR SOD | F50: 260100 | G50: NO OFERTA | H50: NO OFERTA | I50: =MIN(F50:H50) -> 260100
A51: 46 | B51: 219009 | C51: 219009 | D51: ESCISION O ABLACION DE LESION INTRANASAL | E51: ESCISIÓN O ABLACIÓN DE LESIÓN INTRANASAL | F51: 260100 | G51: NO OFERTA | H51: NO OFERTA | I51: =MIN(F51:H51) -> 260100
A52: 47 | B52: 243104 | C52: 243104 | D52: ESCISION DE LESION BENIGNA NO ENCAPSULADA EN ENCIA DE MAS DE TRES CENTIMETROS | E52: ESCISIÓN DE LESIÓN BENIGNA NO ENCAPSULADA EN ENCÍA DE MÁS DE TRES CENTÍMETROS | F52: 260100 | G52: NO OFERTA | H52: NO OFERTA | I52: =MIN(F52:H52) -> 260100
... A77: 72 | B77: 851201 | C77: 851201 | D77: BIOPSIA ABIERTA DE MAMA SOD | E77: BIOPSIA ABIERTA DE MAMA SOD | F77: 260100 | G77: NO OFERTA | H77: NO OFERTA | I77: =MIN(F77:H77) -> 260100
A78: 73 | B78: 861103 | C78: 861103 | D78: DRENAJE DE HEMATOMA SUBUNGUEAL POR INCISION O ASPIRACION | E78: DRENAJE DE HEMATOMA SUBUNGUEAL POR INCISIÓN O ASPIRACIÓN | F78: 260100 | G78: NO OFERTA | H78: =VLOOKUP(C78,'D NIÑO'!$A$2:$E$741,5,0) -> 127200 | I78: =MIN(F78:H78) -> 127200
A79: 74 | B79: 865102 | C79: 865102 | D79: SUTURA DE HERIDA MULTIPLE EN AREA GENERAL | E79: SUTURA DE HERIDA MÚLTIPLE, EN ÁREA GENERAL | F79: 260100 | G79: NO OFERTA | H79: =VLOOKUP(C79,'D NIÑO'!$A$2:$E$741,5,0) -> 95700 | I79: =MIN(F79:H79) -> 95700
A80: 75 | B80: 936101 | C80: 936101 | D80: TRATAMIENTO MANIPULATIVO OSTEOPATICO PARA MOVILIZACION GENERAL (TRATAMIENTO GENERAL DE ARTICULACIONES) SOD | E80: TRATAMIENTO MANIPULATIVO OSTEOPÁTICO PARA MOVILIZACIÓN GENERAL (TRATAMIENTO GENERAL DE ARTICULACIONES) SOD | F80: 260100 | G80: NO OFERTA | H80: NO OFERTA | I80: =MIN(F80:H80) -> 260100
A81: 76 | B81: 936801 | C81: 936801 | D81: INMOVILIZACION O MANIPULACION ARTICULAR INESPECIFICA SOD - REALIZADA EN QUIROFANO | E81: INMOVILIZACIÓN O MANIPULACIÓN ARTICULAR INESPECÍFICA SOD | F81: 260100 | G81: NO OFERTA | H81: NO OFERTA | I81: =MIN(F81:H81) -> 260100
A82: 77 | B82: 86200600 | C82: 862006 | D82: DESBRIDAMIENTO ESCISIONAL POR LESIÓN SUPERFICIAL MENOR DEL 10% DE SUPERFICIE CORPORAL EN ÁREA GENERAL | E82: DESBRIDAMIENTO ESCISIONAL MENOR DEL 10% DE SUPERFICIE CORPORAL EN ÁREA GENERAL | F82: 260100 | G82: NO OFERTA | H82: NO OFERTA | I82: =MIN(F82:H82) -> 260100
A83: 78 | B83: 586101 | C83: 586101 | D83: DILATACION DE URETRA POR URETROTOMIA EXTERNA | E83: DILATACIÓN DE URETRA POR URETROTOMÍA EXTERNA | F83: 321600 | G83: NO OFERTA | H83: NO OFERTA | I83: =MIN(F83:H83) -> 321600
A84: 79 | B84: 586102 | C84: 586102 | D84: DILATACION DE URETRA POR URETROTOMIA INTERNA | E84: DILATACIÓN DE URETRA POR URETROTOMÍA INTERNA | F84: 321600 | G84: NO OFERTA | H84: NO OFERTA | I84: =MIN(F84:H84) -> 321600
A85: 80 | B85: 644920 | C85: 644920 | D85: PLASTIA DE FRENILLO PENEAL | E85: PLASTIA DE FRENILLO PENEAL | F85: 321600 | G85: NO OFERTA | H85: NO OFERTA | I85: =MIN(F85:H85) -> 321600
A86: 81 | B86: 770801 | C86: 770801 | D86: SECUESTRECTOMIA. DRENAJE. DESBRIDAMIENTO DE TARSO O METATARSO (CADA UNO) | E86: SECUESTRECTOMÍA, DRENAJE, DESBRIDAMIENTO DE TARSO O METATARSO (CADA UNO) | F86: 321600 | G86: NO OFERTA | H86: NO OFERTA | I86: =MIN(F86:H86) -> 321600
A87: 82 | B87: 770901 | C87: 770901 | D87: SECUESTRECTOMIA. DRENAJE. DESBRIDAMIENTO DE ARTEJO O DE FALANGE DE PIE (CADA UNO) | E87: SECUESTRECTOMÍA, DRENAJE, DESBRIDAMIENTO DE ARTEJO O DE FALANGE DE PIE (CADA UNO) | F87: 321600 | G87: NO OFERTA | H87: NO OFERTA | I87: =MIN(F87:H87) -> 321600
A88: 83 | B88: 776901 | C88: 776901 | D88: ESCISION DE TUMOR BENIGNO EN FALANGES DE PIE O DE MANO | E88: ESCISIÓN DE TUMOR BENIGNO EN FALANGES DE PIE O DE MANO | F88: 321600 | G88: NO OFERTA | H88: NO OFERTA | I88: =MIN(F88:H88) -> 321600
A89: 84 | B89: 786301 | C89: 786301 | D89: EXTRACCION DE DISPOSITIVO IMPLANTADO EN RADIO O CUBITO | E89: EXTRACCIÓN DE DISPOSITIVO IMPLANTADO EN RADIO O CÚBITO | F89: 321600 | G89: NO OFERTA | H89: NO OFERTA | I89: =MIN(F89:H89) -> 321600
A90: 85 | B90: 786302 | C90: 786302 | D90: EXTRACCION DE CUERPO EXTRAÑO EN RADIO O CUBITO. VIA ABIERTA | E90: EXTRACCIÓN DE CUERPO EXTRAÑO EN RADIO O CÚBITO, VÍA ABIERTA | F90: 321600 | G90: NO OFERTA | H90: NO OFERTA | I90: =MIN(F90:H90) -> 321600
A91: 86 | B91: 790302 | C91: 790302 | D91: REDUCCION CERRADA DE FRACTURA SIN FIJACION INTERNA DE CUBITO O RADIO | E91: REDUCCIÓN CERRADA DE FRACTURA SIN FIJACIÓN INTERNA DE CÚBITO O RADIO | F91: 321600 | G91: NO OFERTA | H91: NO OFERTA | I91: =MIN(F91:H91) -> 321600
... A160: 155 | B160: 862703 | C160: 862703 | D160: MATRICECTOMIA TOTAL | E160: MATRICECTOMÍA TOTAL | F160: 344600 | G160: NO OFERTA | H160: NO OFERTA | I160: =MIN(F160:H160) -> 344600
A161: 156 | B161: 864101 | C161: 864101 | D161: RESECCION DE TUMOR BENIGNO O MALIGNO DE PIEL O TEJIDO CELULAR SUBCUTANEO AREA GENERAL HASTA TRES CENTIMETROS | E161: RESECCIÓN DE TUMOR BENIGNO O MALIGNO DE PIEL O TEJIDO CELULAR SUBCUTÁNEO ÁREA GENERAL HASTA TRES CENTÍMETROS | F161: 344600 | G161: NO OFERTA | H161: =VLOOKUP(C161,'D NIÑO'!$A$2:$E$741,5,0) -> 776200 | I161: =MIN(F161:H161) -> 344600
A162: 157 | B162: 864201 | C162: 864201 | D162: RESECCION DE TUMOR BENIGNO O MALIGNO DE PIEL O TEJIDO CELULAR SUBCUTANEO DE AREA ESPECIAL. HASTA UN CENTIMETRO | E162: RESECCIÓN DE TUMOR BENIGNO O MALIGNO DE PIEL O TEJIDO CELULAR SUBCUTÁNEO DE ÁREA ESPECIAL, HASTA UN CENTÍMETRO | F162: 344600 | G162: NO OFERTA | H162: NO OFERTA | I162: =MIN(F162:H162) -> 344600
A163: 158 | B163: 865210 | C163: 865210 | D163: SUTURA DE MATRIZ UNGUEAL | E163: SUTURA DE MATRIZ UNGUEAL | F163: 344600 | G163: NO OFERTA | H163: NO OFERTA | I163: =MIN(F163:H163) -> 344600
A164: 159 | B164: 103103 | C164: 103103 | D164: RESECCION SIMPLE DE PTERIGION (NASAL O TEMPORAL) | E164: RESECCIÓN SIMPLE DE PTERIGION (NASAL O TEMPORAL) | F164: 416400 | G164: NO OFERTA | H164: NO OFERTA | I164: =MIN(F164:H164) -> 416400
A165: 160 | B165: 162301 | C165: 162301 | D165: BIOPSIA DE PARED DE ORBITA | E165: BIOPSIA DE PARED DE ÓRBITA | F165: 416400 | G165: NO OFERTA | H165: NO OFERTA | I165: =MIN(F165:H165) -> 416400
A166: 161 | B166: 482501 | C166: 482501 | D166: BIOPSIA ABIERTA DE RECTO O SIGMOIDE SOD | E166: BIOPSIA ABIERTA DE RECTO O SIGMOIDE SOD | F166: 416400 | G166: NO OFERTA | H166: NO OFERTA | I166: =MIN(F166:H166) -> 416400
A167: 162 | B167: 701204 | C167: 701204 | D167: COLPOTOMIA | E167: COLPOTOMÍA | F167: 416400 | G167: NO OFERTA | H167: NO OFERTA | I167: =MIN(F167:H167) -> 416400
A168: 163 | B168: 770802 | C168: 770802 | D168: SECUESTRECTOMIA. DRENAJE. DESBRIDAMIENTO DE TARSIANOS Y METATARSIANOS (CADA UNO) | E168: SECUESTRECTOMÍA, DRENAJE, DESBRIDAMIENTO DE TARSIANOS Y METATARSIANOS (CADA UNO) | F168: 416400 | G168: NO OFERTA | H168: NO OFERTA | I168: =MIN(F168:H168) -> 416400
A169: 164 | B169: 786101 | C169: 786101 | D169: EXTRACCION DE DISPOSITIVO IMPLANTADO EN ESCAPULA. CLAVICULA O TORAX (COSTILLAS Y ESTERNON) | E169: EXTRACCIÓN DE DISPOSITIVO IMPLANTADO EN ESCÁPULA, CLAVÍCULA O TÓRAX (COSTILLAS Y ESTERNÓN) | F169: 416400 | G169: NO OFERTA | H169: NO OFERTA | I169: =MIN(F169:H169) -> 416400
A170: 165 | B170: 790301 | C170: 790301 | D170: REDUCCION CERRADA SIN FIJACION DE FRACTURA DE RADIO Y CUBITO (RADIOCUBITAL PROXIMAL O DISTAL) | E170: REDUCCIÓN CERRADA SIN FIJACIÓN DE FRACTURA DE RADIO Y CÚBITO (RADIOCUBITAL PROXIMAL O DISTAL) | F170: 416400 | G170: NO OFERTA | H170: NO OFERTA | I170: =MIN(F170:H170) -> 416400
A171: 166 | B171: 794203 | C171: 794203 | D171: REDUCCION CERRADA DE EPIFISIS SEPARADA EN RADIO Y CUBITO SIN FIJACION | E171: REDUCCIÓN CERRADA DE EPÍFISIS SEPARADA EN RADIO Y CÚBITO SIN FIJACIÓN | F171: 416400 | G171: NO OFERTA | H171: NO OFERTA | I171: =MIN(F171:H171) -> 416400
A172: 167 | B172: 800301 | C172: 800301 | D172: EXTRACCION DE DISPOSITIVO IMPLANTADO EN MUÑECA POR ARTROTOMIA | E172: EXTRACCIÓN DE DISPOSITIVO IMPLANTADO EN MUÑECA POR ARTROTOMÍA | F172: 416400 | G172: NO OFERTA | H172: NO OFERTA | I172: =MIN(F172:H172) -> 416400
A173: 168 | B173: 831101 | C173: 831101 | D173: TENOTOMIAS EN PIE (UNA O MAS) | E173: TENOTOMÍAS EN PIE (UNA O MÁS) | F173: 416400 | G173: NO OFERTA | H173: NO OFERTA | I173: =MIN(F173:H173) -> 416400
... A231: 226 | B231: 852401 | C231: 852401 | D231: ESCISION DE PEZON ACCESORIO O SUPERNUMERARIO | E231: ESCISIÓN DE PEZÓN ACCESORIO O SUPERNUMERARIO | F231: 476700 | G231: NO OFERTA | H231: NO OFERTA | I231: =MIN(F231:H231) -> 476700
A232: 227 | B232: 861202 | C232: 861202 | D232: EXTRACCION DE CUERPO EXTRAÑO EN PIEL O TEJIDO CELULAR SUBCUTANEO DE AREA ESPECIAL POR INCISION | E232: EXTRACCIÓN DE CUERPO EXTRAÑO EN PIEL O TEJIDO CELULAR SUBCUTÁNEO DE ÁREA ESPECIAL POR INCISIÓN | F232: 476700 | G232: NO OFERTA | H232: =VLOOKUP(C232,'D NIÑO'!$A$2:$E$741,5,0) -> 456200 | I232: =MIN(F232:H232) -> 456200
A233: 228 | B233: 864102 | C233: 864102 | D233: RESECCION DE TUMOR BENIGNO O MALIGNO DE PIEL O TEJIDO CELULAR SUBCUTANEO AREA GENERAL. ENTRE TRES A CINCO CENTIMETROS | E233: RESECCIÓN DE TUMOR BENIGNO O MALIGNO DE PIEL O TEJIDO CELULAR SUBCUTÁNEO ÁREA GENERAL, ENTRE TRES A CINCO CENTÍMETROS | F233: 476700 | G233: NO OFERTA | H233: NO OFERTA | I233: =MIN(F233:H233) -> 476700
A234: 229 | B234: 864202 | C234: 864202 | D234: RESECCION DE TUMOR BENIGNO O MALIGNO DE PIEL O TEJIDO CELULAR SUBCUTANEO DE AREA ESPECIAL. ENTRE UNO A DOS CENTIMETROS | E234: RESECCIÓN DE TUMOR BENIGNO O MALIGNO DE PIEL O TEJIDO CELULAR SUBCUTÁNEO DE ÁREA ESPECIAL, ENTRE UNO A DOS CENTÍMETROS | F234: 476700 | G234: NO OFERTA | H234: NO OFERTA | I234: =MIN(F234:H234) -> 476700
A235: 230 | B235: 865202 | C235: 865202 | D235: SUTURA DE HERIDA UNICA DE CARA SIN COMPROMISO DE LABIOS O PARPADOS | E235: SUTURA DE HERIDA ÚNICA DE CARA SIN COMPROMISO DE LABIOS O PÁRPADOS | F235: 476700 | G235: NO OFERTA | H235: NO OFERTA | I235: =MIN(F235:H235) -> 476700
A236: 231 | B236: 868101 | C236: 868101 | D236: RESECCION SIMPLE DE CICATRIZ EN AREA GENERAL | E236: RESECCIÓN SIMPLE DE CICATRIZ EN ÁREA GENERAL | F236: 476700 | G236: NO OFERTA | H236: NO OFERTA | I236: =MIN(F236:H236) -> 476700
A237: 232 | B237: 868507 | C237: 868507 | D237: PLASTIA EN Z. EN CADA DEDO DE LA MANO O DEL PIE | E237: PLASTIA EN Z, EN CADA DEDO DE LA MANO O DEL PIE | F237: 476700 | G237: NO OFERTA | H237: NO OFERTA | I237: =MIN(F237:H237) -> 476700
A238: 233 | B238: 974301 | C238: 974301 | D238: RETIRO DE SUTURAS DE TORAX (RETIRO DE PUNTOS) SOD | E238: RETIRO DE SUTURAS DE TÓRAX (RETIRO DE PUNTOS) SOD | F238: 476700 | G238: NO OFERTA | H238: NO OFERTA | I238: =MIN(F238:H238) -> 476700
A239: 234 | B239: 83210101 | C239: 832101 | D239: BIOPSIA DE TEJIDO BLANDO: MUSCULOS. TENDON. APONEUROSIS | E239: BIOPSIA DE TEJIDO BLANDO: MÚSCULOS, TENDÓN, FASCIA Y BURSA (INCLUYENDO MANO) VÍA ABIERTA | F239: 476700 | G239: NO OFERTA | H239: NO OFERTA | I239: =MIN(F239:H239) -> 476700
A240: 235 | B240: 83210102 | C240: 832101 | D240: BIOPSIA DE TEJIDO BLANDO: LIGAMENTO. CAPSULA ARTICULAR | E240: BIOPSIA DE TEJIDO BLANDO: MÚSCULOS, TENDÓN, FASCIA Y BURSA (INCLUYENDO MANO) VÍA ABIERTA | F240: 476700 | G240: NO OFERTA | H240: NO OFERTA | I240: =MIN(F240:H240) -> 476700
A241: 236 | B241: 83210103 | C241: 832101 | D241: BIOPSIA DE TEJIDO BLANDO: TEJIDO SINOVIAL. CARTILAGO | E241: BIOPSIA DE TEJIDO BLANDO: MÚSCULOS, TENDÓN, FASCIA Y BURSA (INCLUYENDO MANO) VÍA ABIERTA | F241: 476700 | G241: NO OFERTA | H241: NO OFERTA | I241: =MIN(F241:H241) -> 476700
A242: 237 | B242: 86200601 | C242: 862006 | D242: DESBRIDAMIENTO ESCISIONAL PROFUNDO MENOR 10% DE SUPERFICIE CORPORAL EN ÁREA GENERAL | E242: DESBRIDAMIENTO ESCISIONAL MENOR DEL 10% DE SUPERFICIE CORPORAL EN ÁREA GENERAL | F242: 476700 | G242: NO OFERTA | H242: NO OFERTA | I242: =MIN(F242:H242) -> 476700
A243: 238 | B243: 86200700 | C243: 862007 | D243: DESBRIDAMIENTO ESCISIONAL POR LESIÓN SUPERFICIAL ENTRE EL 10% AL 19% DE SUPERFICIE CORPORAL EN ÁREA GENERAL | E243: DESBRIDAMIENTO ESCISIONAL ENTRE EL 10% AL 19% DE SUPERFICIE CORPORAL EN ÁREA GENERAL | F243: 476700 | G243: NO OFERTA | H243: NO OFERTA | I243: =MIN(F243:H243) -> 476700
A244: 239 | B244: 86200701 | C244: 862007 | D244: DESBRIDAMIENTO ESCISIONAL PROFUNDO ENTRE EL 10% AL 19% DE SUPERFICIE CORPORAL EN ÁREA GENERAL | E244: DESBRIDAMIENTO ESCISIONAL ENTRE EL 10% AL 19% DE SUPERFICIE CORPORAL EN ÁREA GENERAL | F244: 476700 | G244: NO OFERTA | H244: NO OFERTA | I244: =MIN(F244:H244) -> 476700
... A550: 545 | B550: 864104 | C550: 864104 | D550: RESECCION DE TUMOR BENIGNO O MALIGNO DE PIEL O TEJIDO CELULAR SUBCUTANEO AREA GENERAL. DE MAS DE DIEZ CENTIMETROS | E550: RESECCIÓN DE TUMOR BENIGNO O MALIGNO DE PIEL O TEJIDO CELULAR SUBCUTÁNEO ÁREA GENERAL, DE MÁS DE DIEZ CENTÍMETROS | F550: 849600 | G550: NO OFERTA | H550: NO OFERTA | I550: =MIN(F550:H550) -> 849600
A551: 546 | B551: 865207 | C551: 865207 | D551: SUTURA DE HERIDA PARCIAL DE CUERO CABELLUDO (ESCALPE) | E551: SUTURA DE HERIDA PARCIAL DE CUERO CABELLUDO (ESCALPE) | F551: 849600 | G551: NO OFERTA | H551: =VLOOKUP(C551,'D NIÑO'!$A$2:$E$741,5,0) -> 95700 | I551: =MIN(F551:H551) -> 95700
A552: 547 | B552: 866105 | C552: 866105 | D552: INJERTO DE PIEL TOTAL EN AREA ESPECIAL EN CARA O CUELLO | E552: INJERTO DE PIEL TOTAL EN ÁREA ESPECIAL EN CARA O CUELLO | F552: 849600 | G552: NO OFERTA | H552: NO OFERTA | I552: =MIN(F552:H552) -> 849600
A553: 548 | B553: 866106 | C553: 866106 | D553: INJERTO DE PIEL TOTAL EN AREA ESPECIAL EN PLIEGUES DE FLEXION (AXILA. ANTECUBITAL. HUECOS POPLITEOS. INGUINAL) | E553: INJERTO DE PIEL TOTAL EN ÁREA ESPECIAL EN PLIEGUES DE FLEXIÓN (AXILA, ANTECUBITAL, HUECOS POPLÍTEOS, INGUINAL) | F553: 849600 | G553: NO OFERTA | H553: NO OFERTA | I553: =MIN(F553:H553) -> 849600
A554: 549 | B554: 866301 | C554: 866301 | D554: INJERTO CONDROCUTANEO SOD | E554: INJERTO CONDROCUTÁNEO SOD | F554: 849600 | G554: NO OFERTA | H554: NO OFERTA | I554: =MIN(F554:H554) -> 849600
A555: 550 | B555: 867002 | C555: 867002 | D555: COLGAJO LOCAL SIMPLE DE PIEL ENTRE DOS A CINCO CENTIMETROS CUADRADOS | E555: COLGAJO LOCAL SIMPLE DE PIEL ENTRE DOS A CINCO CENTÍMETROS CUADRADOS | F555: 849600 | G555: NO OFERTA | H555: NO OFERTA | I555: =MIN(F555:H555) -> 849600
A556: 551 | B556: 868401 | C556: 868401 | D556: PLASTIA EN Z O W EN AREA GENERAL. ENTRE UNA A DOS | E556: PLASTIA EN Z O W EN ÁREA GENERAL, ENTRE UNA A DOS | F556: 849600 | G556: NO OFERTA | H556: NO OFERTA | I556: =MIN(F556:H556) -> 849600
A557: 552 | B557: 869103 | C557: 869103 | D557: RESECCION PARCIAL DE GLANDULAS SUDORIPARAS | E557: RESECCIÓN PARCIAL DE GLÁNDULAS SUDORÍPARAS | F557: 849600 | G557: NO OFERTA | H557: NO OFERTA | I557: =MIN(F557:H557) -> 849600
...

Sheet ESTIMADO
A1: PRESTACIÓN DE SERVICIOS DE SALUD DE BAJA Y MEDIANA COMPLEJIDAD, CON IPS EN EL ÁREA DE: URGENCIAS, HOSPITALIZACIÓN (Y DEMÁS SERVICIOS QUE SE DERIVE DE ELLOS), MEDICINA GENERAL, MEDICINA ESPECIALIZADA, CIRUGÍA AMBULATORIA, INYECTOLOGIA, PARA EL PERSONAL DE USUARIOS RESIDENTES EN EL MUNICIPIO DE BUGA Y SU ÁREA DE INFLUENCIA (YOTOCO, SAN PEDRO, GUACARI, GINEBRA, RESTREPO Y DARIÉN)
A5: ITEM | B5: CODIGO IPS | C5: ALTERNO | D5: DESCRIPCION IPS | E5: DESCRIPCION CUPS | F5: PRECIO SECOP | G5: VALOR HISTORICO PROYECTADO | H5: VALOR MERCADO | I5: VALOR ESTIMADO
A6: 1 | B6: =MERCADO!B6 -> 908856 | C6: =MERCADO!C6 -> 908856 | D6: PCR IDENTIFICACIÓN DE OTRO VIRUS (ESPECÍFICA) POR PRUEBAS MOLECULARES | E6: IDENTIFICACIÓN DE OTRO VIRUS (ESPECÍFICA) POR PRUEBAS MOLECULARES | F6: 141666 | G6: 148890.97 | H6: 155000 | I6: 148890.97
A7: 2 | B7: =MERCADO!B7 -> 903043 | C7: =MERCADO!C7 -> 903043 | D7: PRUEBA DE ALIENTO (13 C UREA) PARA HELICOBACTER PILORY | E7: PRUEBA DE ALIENTO (13 C UREA) PARA HELICOBACTER PILORY | F7: 223100 | G7: 234478.1 | H7: 244000 | I7: 234478.1
A8: 3 | B8: =MERCADO!B8 -> 711110 | C8: =MERCADO!C8 -> 711110 | D8: BIOPSIA DE LABIO MAYOR VULVA | E8: BIOPSIA DE LABIO MAYOR VULVA | F8: 167370 | G8: 175905.87 | H8: 183100 | I8: 175905.87
A9: 4 | B9: =MERCADO!B9 -> 272301 | C9: =MERCADO!C9 -> 272301 | D9: BIOPSIA INCISIONAL DE LABIO | E9: BIOPSIA INCISIONAL DE LABIO | F9: 167370 | G9: 175905.87 | H9: 183100 | I9: 175905.87
A10: 5 | B10: =MERCADO!B10 -> 718101 | C10: =MERCADO!C10 -> 718101 | D10: EXTRACCION DE CUERPO EXTRAÑO DE VULVA O PERINE SIN INCISION | E10: EXTRACCIÓN DE CUERPO EXTRAÑO DE VULVA O PERINÉ SIN INCISIÓN | F10: 167370 | G10: 175905.87 | H10: 183100 | I10: 175905.87
A11: 6 | B11: =MERCADO!B11 -> 136504 | C11: =MERCADO!C11 -> 136504 | D11: CAPSULOTOMIA MANUAL | E11: CAPSULOTOMÍA MANUAL | F11: 167370 | G11: 175905.87 | H11: 183100 | I11: 175905.87
A12: 7 | B12: =MERCADO!B12 -> 243101 | C12: =MERCADO!C12 -> 243101 | D12: ESCISION DE LESION BENIGNA ENCAPSULADA EN ENCIA HASTA DE TRES CENTIMETROS | E12: ESCISIÓN DE LESIÓN BENIGNA ENCAPSULADA EN ENCÍA HASTA DE TRES CENTÍMETROS | F12: 167370 | G12: 175905.87 | H12: 183100 | I12: 175905.87
A13: 8 | B13: =MERCADO!B13 -> 255006 | C13: =MERCADO!C13 -> 255006 | D13: PLASTIA DE FRENILLO LINGUAL | E13: PLASTIA DE FRENILLO LINGUAL | F13: 167370 | G13: 175905.87 | H13: 183100 | I13: 175905.87
A14: 9 | B14: =MERCADO!B14 -> 272401 | C14: =MERCADO!C14 -> 272401 | D14: BIOPSIA POR ASPIRACION CON AGUJA FINA EN CAVIDAD ORAL [BACAF] | E14: BIOPSIA POR ASPIRACIÓN CON AGUJA FINA EN CAVIDAD ORAL [BACAF] | F14: 167370 | G14: 175905.87 | H14: 183100 | I14: 175905.87
A15: 10 | B15: =MERCADO!B15 -> 274901 | C15: =MERCADO!C15 -> 274901 | D15: REMOCION DE CUERPO EXTRAÑO EN TEJIDOS BLANDOS DE LA BOCA | E15: REMOCIÓN DE CUERPO EXTRAÑO EN TEJIDOS BLANDOS DE LA BOCA | F15: 167370 | G15: 175905.87 | H15: 52300 | I15: 52300
A16: 11 | B16: =MERCADO!B16 -> 275201 | C16: =MERCADO!C16 -> 275201 | D16: ESTOMATORRAFIA (SUTURA DE HERIDA EN MUCOSA ORAL) DE MENOS DE CINCO CENTIMETROS | E16: ESTOMATORRAFIA (SUTURA DE HERIDA EN MUCOSA ORAL) DE MENOS DE CINCO CENTÍMETROS | F16: 167370 | G16: 175905.87 | H16: 183100 | I16: 175905.87
A17: 12 | B17: =MERCADO!B17 -> 275202 | C17: =MERCADO!C17 -> 275202 | D17: ESTOMATORRAFIA (SUTURA DE HERIDA EN MUCOSA ORAL) DE MAS DE CINCO CENTIMETROS | E17: ESTOMATORRAFIA (SUTURA DE HERIDA EN MUCOSA ORAL) DE MÁS DE CINCO CENTÍMETROS | F17: 167370 | G17: 175905.87 | H17: 183100 | I17: 175905.87
... A1031: 1026 | B1031: =MERCADO!B1031 -> 849002 | C1031: =MERCADO!C1031 -> 849002 | D1031: CORRECCION DE MALFORMACION CONGENITA DE PIE CON LIBERACION DE PARTES BLANDAS POSTERIORES Y MEDIALES | E1031: CORRECCIÓN DE MALFORMACIÓN CONGÉNITA DE PIE CON LIBERACIÓN DE PARTES BLANDAS POSTERIORES Y MEDIALES | F1031: 1460180 | G1031: 1534649.2 | H1031: 1597300 | I1031: 1534649.2
A1032: 1027 | B1032: =MERCADO!B1032 -> 53620102 | C1032: =MERCADO!C1032 -> 536201 | D1032: HERNIORRAFIA BILATERAL FEMORAL O CRURAL REPRODUCIDA SOD | E1032: HERNIORRAFIA ISQUIÁTICA VÍA ABIERTA | F1032: NO OFERTA | G1032: NO OFERTA | H1032: 1597300 | I1032: 1597300
A1033: 1028 | B1033: =MERCADO!B1033 -> 836201 | C1033: =MERCADO!C1033 -> 836201 | D1033: TENORRAFIA DE FLEXORES DE ANTEBRAZO (UNO O MAS) | E1033: TENORRAFIA DE FLEXORES DE ANTEBRAZO (UNO O MÁS) | F1033: 1484673 | G1033: 1560391.3 | H1033: 1624100 | I1033: 1560391.3
A1034: 1029 | B1034: =MERCADO!B1034 -> 457101 | C1034: =MERCADO!C1034 -> 457101 | D1034: COLECTOMIA PARCIAL CON COLOSTOMIA O ILEOSTOMIA Y FISTULA MUCOSA VIA ABIERTA | E1034: COLECTOMÍA PARCIAL CON COLOSTOMÍA O ILEOSTOMÍA Y FÍSTULA MUCOSA VÍA ABIERTA | F1034: 1509167 | G1034: 1586134.5 | H1034: 1650800 | I1034: 1586134.5
A1035: 1030 | B1035: =MERCADO!B1035 -> 457301 | C1035: =MERCADO!C1035 -> 457301 | D1035: HEMICOLECTOMIA DERECHA VIA ABIERTA | E1035: HEMICOLECTOMÍA DERECHA VÍA ABIERTA | F1035: 1509167 | G1035: 1586134.5 | H1035: 1650800 | I1035: 1586134.5
A1036: 1031 | B1036: =MERCADO!B1036 -> 457501 | C1036: =MERCADO!C1036 -> 457501 | D1036: HEMICOLECTOMIA IZQUIERDA VIA ABIERTA | E1036: HEMICOLECTOMIA IZQUIERDA VÍA ABIERTA | F1036: 1509167 | G1036: 1586134.5 | H1036: 1650800 | I1036: 1586134.5
A1037: 1032 | B1037: =MERCADO!B1037 -> 457601 | C1037: =MERCADO!C1037 -> 457601 | D1037: SIGMOIDECTOMIA VIA ABIERTA | E1037: SIGMOIDECTOMIA VÍA ABIERTA | F1037: 1509167 | G1037: 1586134.5 | H1037: 1650800 | I1037: 1586134.5
A1038: 1033 | B1038: =MERCADO!B1038 -> 767903 | C1038: =MERCADO!C1038 -> 767903 | D1038: REDUCCION ABIERTA DE FRACTURA DE DOS O MAS PAREDES ORBITARIAS CON INJERTO | E1038: REDUCCIÓN ABIERTA DE FRACTURA DE DOS O MÁS PAREDES ORBITARIAS CON INJERTO | F1038: 1509167 | G1038: 1586134.5 | H1038: 1650800 | I1038: 1586134.5
A1039: 1034 | B1039: =MERCADO!B1039 -> 780932 | C1039: =MERCADO!C1039 -> 780932 | D1039: INJERTO OSEO EN COLUMNA VERTEBRAL VIA POSTERIOR | E1039: INJERTO ÓSEO EN COLUMNA VERTEBRAL VÍA POSTERIOR | F1039: 1509167 | G1039: 1586134.5 | H1039: 1650800 | I1039: 1586134.5
A1040: 1035 | B1040: =MERCADO!B1040 -> 867104 | C1040: =MERCADO!C1040 -> 867104 | D1040: COLGAJO COMPUESTO A DISTANCIA. EN VARIOS TIEMPOS | E1040: COLGAJO COMPUESTO A DISTANCIA, EN VARIOS TIEMPOS | F1040: 1509167 | G1040: 1586134.5 | H1040: 1650800 | I1040: 1586134.5
A1041: 1036 | B1041: =MERCADO!B1041 -> 404003 | C1041: =MERCADO!C1041 -> 404003 | D1041: VACIAMIENTO LINFATICO RADICAL O RADICAL MODIFICADO DE CUELLO BILATERAL VIA ABIERTA | E1041: VACIAMIENTO LINFÁTICO RADICAL O RADICAL MODIFICADO DE CUELLO BILATERAL VÍA ABIERTA | F1041: 1324396 | G1041: 1391940.2 | H1041: 1448700 | I1041: 1391940.2
A1042: 1037 | B1042: =MERCADO!B1042 -> 67001 | C1042: =MERCADO!C1042 -> 67001 | D1042: RESECCION DE QUISTE O CONDUCTO TIROGLOSO VIA ABIERTA | E1042: RESECCIÓN DE QUISTE O CONDUCTO TIROGLOSO VÍA ABIERTA | F1042: 1348890 | G1042: 1417683.4 | H1042: 1475500 | I1042: 1417683.4
A1043: 1038 | B1043: =MERCADO!B1043 -> 392602 | C1043: =MERCADO!C1043 -> 392602 | D1043: DERIVACION O PUENTE AXILO-FEMORAL UNILATERAL | E1043: DERIVACIÓN O PUENTE AXILO-FEMORAL UNILATERAL | F1043: 1348890 | G1043: 1417683.4 | H1043: 1475500 | I1043: 1417683.4
A1044: 1039 | B1044: =MERCADO!B1044 -> 456101 | C1044: =MERCADO!C1044 -> 456101 | D1044: RESECCION SEGMENTARIA MULTIPLE DE INTESTINO DELGADO VIA ABIERTA | E1044: RESECCIÓN SEGMENTARIA MÚLTIPLE DE INTESTINO DELGADO VÍA ABIERTA | F1044: 1348890 | G1044: 1417683.4 | H1044: 1475500 | I1044: 1417683.4
... A1310: 1305 | B1310: =MERCADO!B1310 -> 87350101 | C1310: =MERCADO!C1310 -> 873501 | D1310: PORTATILES SIN FLUOROSCOPIA E INTENSIFICADOR DE IMAGENES | E1310: FLUOROSCOPIA COMO GUÍA PARA PROCEDIMIENTOS | F1310: 29525 | G1310: 31030.775 | H1310: 32300 | I1310: 31030.775
A1311: 1306 | B1311: =MERCADO!B1311 -> 87350102 | C1311: =MERCADO!C1311 -> 873501 | D1311: PORTATILES CON FLUOROSCOPIA Y/O INTENSIFICADOR DE IMAGENES | E1311: FLUOROSCOPIA COMO GUÍA PARA PROCEDIMIENTOS | F1311: NO OFERTA | G1311: NO OFERTA | H1311: 95800 | I1311: 95800
A1312: 1307 | B1312: =MERCADO!B1312 -> 971201 | C1312: =MERCADO!C1312 -> 971201 | D1312: SUSTITUCION DE ESCAYOLA O FERULA EN MIEMBRO INFERIOR SOD | E1312: SUSTITUCIÓN DE ESCAYOLA O FÉRULA EN MIEMBRO INFERIOR SOD | F1312: 29998 | G1312: 31527.898 | H1312: 32800 | I1312: 31527.898
A1313: 1308 | B1313: =MERCADO!B1313 -> 971101 | C1313: =MERCADO!C1313 -> 971101 | D1313: SUSTITUCION DE ESCAYOLA O FERULA EN MIEMBRO SUPERIOR SOD | E1313: SUSTITUCIÓN DE ESCAYOLA O FÉRULA EN MIEMBRO SUPERIOR SOD | F1313: 29998 | G1313: 31527.898 | H1313: 32800 | I1313: 31527.898
A1314: 1309 | B1314: =MERCADO!B1314 -> 935305 | C1314: =MERCADO!C1314 -> 935305 | D1314: APLICACION O CAMBIO DE YESO EN PIE | E1314: APLICACIÓN O CAMBIO DE YESO EN PIE | F1314: 30073 | G1314: 31606.723 | H1314: 32900 | I1314: 31606.723
A1315: 1310 | B1315: =MERCADO!B1315 -> 935302 | C1315: =MERCADO!C1315 -> 935302 | D1315: APLICACION O CAMBIO DE YESO PARA INMOVILIZACION EN MANO | E1315: APLICACIÓN O CAMBIO DE YESO PARA INMOVILIZACIÓN EN MANO | F1315: 30073 | G1315: 31606.723 | H1315: 32900 | I1315: 31606.723
A1316: 1311 | B1316: =MERCADO!B1316 -> 904921 | C1316: =MERCADO!C1316 -> 904921 | D1316: TIROXINA LIBRE -T4L- | E1316: TIROXINA LIBRE | F1316: 30073 | G1316: 31606.723 | H1316: 32900 | I1316: 31606.723
A1317: 1312 | B1317: =MERCADO!B1317 -> 903428 | C1317: =MERCADO!C1317 -> 903428 | D1317: HEMOSIDERINA EN ORINA | E1317: HEMOSIDERINA EN ORINA | F1317: 30262 | G1317: 31805.362 | H1317: 33100 | I1317: 31805.362
A1318: 1313 | B1318: =MERCADO!B1318 -> 906304 | C1318: =MERCADO!C1318 -> 906304 | D1318: ANTIGENOS FEBRILES MANUAL O SEMIAUTOMATIZADO - SEROAGLUTINACION PARA FEBRILES | E1318: ANTÍGENOS FEBRILES MANUAL O SEMIAUTOMATIZADO | F1318: 30452 | G1318: 32005.052 | H1318: 33300 | I1318: 32005.052
A1319: 1314 | B1319: =MERCADO!B1319 -> 903016 | C1319: =MERCADO!C1319 -> 903016 | D1319: FERRITINA | E1319: FERRITINA | F1319: 30452 | G1319: 32005.052 | H1319: 33300 | I1319: 32005.052
A1320: 1315 | B1320: =MERCADO!B1320 -> 903850 | C1320: =MERCADO!C1320 -> 903850 | D1320: CITOQUIMICO DE LIQUIDO CEFALORRAQUIDEO | E1320: LÍQUIDO CEFALORRAQUÍDEO (LCR EXAMEN FÍSICO Y CITOQUÍMICO CON GLUCOSA PROTEÍNAS MORFOLOGÍA DE ERITROCITOS Y DIFERENCIAL DE LEUCOCITOS) | F1320: 30830 | G1320: 32402.33 | H1320: 33700 | I1320: 32402.33
A1321: 1316 | B1321: =MERCADO!B1321 -> 904922 | C1321: =MERCADO!C1321 -> 904922 | D1321: TIROXINA TOTAL -T4 TOTAL- | E1321: TIROXINA TOTAL | F1321: 30830 | G1321: 32402.33 | H1321: 33700 | I1321: 32402.33
A1322: 1317 | B1322: =MERCADO!B1322 -> 901002 | C1322: =MERCADO!C1322 -> 901002 | D1322: ANTIBIOGRAMA (MIC) METODO AUTOMATICO CULTIVO GENERAL | E1322: ANTIBIOGRAMA CONCENTRACIÓN MÍNIMA INHIBITORIA METODO AUTOMATIZADO | F1322: 31019 | G1322: 32600.969 | H1322: 33900 | I1322: 32600.969
A1323: 1318 | B1323: =MERCADO!B1323 -> 906205 | C1323: =MERCADO!C1323 -> 906205 | D1323: CITOMEGALOVIRUS ANTICUERPOS IGG -ANTI-CMV-G- (EIA) | E1323: Citomegalovirus ANTICUERPOS Ig G SEMIAUTOMATIZADO O AUTOMATIZADO | F1323: 32154 | G1323: 33793.854 | H1323: 35200 | I1323: 33793.854
... A1483: 1478 | B1483: =MERCADO!B1483 -> 90620901 | C1483: =MERCADO!C1483 -> 906209 | D1483: DENGUE COMBO ANTIGENO/ANTICUERPO NS1AG/IGM/IGG | E1483: Dengue ANTICUERPOS TOTALES | F1483: 63173 | G1483: 66394.823 | H1483: 61400 | I1483: 61400
A1484: 1479 | B1484: =MERCADO!B1484 -> 906809 | C1484: =MERCADO!C1484 -> 906809 | D1484: ELECTROFORESIS ALCALINA DE HEMOGLOBINA | E1484: ELECTROFORESIS DE HEMOGLOBINA AUTOMATIZADO | F1484: NO OFERTA | G1484: NO OFERTA | H1484: 171100 | I1484: 171100
A1485: 1480 | B1485: =MERCADO!B1485 -> 960401 | C1485: =MERCADO!C1485 -> 960401 | D1485: INSERCION DE TUBO ENDOTRAQUEAL CON TECNICA RETROGRADA | E1485: INSERCIÓN DE TUBO ENDOTRAQUEAL CON TÉCNICA RETRÓGRADA | F1485: 67334 | G1485: 70768.034 | H1485: 73700 | I1485: 70768.034
A1486: 1481 | B1486: =MERCADO!B1486 -> 389102 | C1486: =MERCADO!C1486 -> 389102 | D1486: INSERCION DE CATETER YUGULAR | E1486: INSERCION DE CATÉTER YUGULAR | F1486: 67239 | G1486: 70668.189 | H1486: 73600 | I1486: 70668.189
A1487: 1482 | B1487: =MERCADO!B1487 -> 389002 | C1487: =MERCADO!C1487 -> 389002 | D1487: COLOCACION CATETER ARTERIAL PERIFERICO (LINEA ARTERIAL) | E1487: COLOCACIÓN CATÉTER ARTERIAL PERIFÉRICO (LÍNEA ARTERIAL) | F1487: 67239 | G1487: 70668.189 | H1487: 73600 | I1487: 70668.189
A1488: 1483 | B1488: =MERCADO!B1488 -> 389001 | C1488: =MERCADO!C1488 -> 389001 | D1488: COLOCACION DE CATETER ARTERIAL FEMORAL O BRAQUIAL | E1488: COLOCACIÓN DE CATÉTER ARTERIAL FEMORAL O BRAQUIAL | F1488: 67239 | G1488: 70668.189 | H1488: 73600 | I1488: 70668.189
A1489: 1484 | B1489: =MERCADO!B1489 -> 901216 | C1489: =MERCADO!C1489 -> 901216 | D1489: MIELOCULTIVO PARA GERMENES ANAEROBIOS (NO INCLUYE TOMA DE MUESTRA APLICAR CODIG | E1489: CULTIVO PARA MICROORGANISMOS ANAEROBIOS EN MÉDULA ÓSEA | F1489: 67334 | G1489: 70768.034 | H1489: 73700 | I1489: 70768.034
A1490: 1485 | B1490: =MERCADO!B1490 -> 904920 | C1490: =MERCADO!C1490 -> 904920 | D1490: TIROGLOBULINA | E1490: TIROGLOBULINA | F1490: 67334 | G1490: 70768.034 | H1490: 73700 | I1490: 70768.034
A1491: 1486 | B1491: =MERCADO!B1491 -> 906413 | C1491: =MERCADO!C1491 -> 906413 | D1491: CENTROMERO ANTICUERPOS | E1491: CENTROMERO ANTICUERPOS SEMIAUTOMATIZADO O AUTOMATIZADO | F1491: 33661 | G1491: 35377.711 | H1491: 74900 | I1491: 35377.711
A1492: 1487 | B1492: =MERCADO!B1492 -> 906463 | C1492: =MERCADO!C1492 -> 906463 | D1492: TIROIDES ANTICUERPOS TIROGLOBULINICOS | E1492: TIROIDEOS TIROGLOBULÍNICOS ANTICUERPOS AUTOMATIZADO | F1492: 69036 | G1492: 72556.836 | H1492: 75500 | I1492: 72556.836
A1493: 1488 | B1493: =MERCADO!B1493 -> 906225 | C1493: =MERCADO!C1493 -> 906225 | D1493: HEPATITIS C ANTICUERPO SEMIAUTOMATIZADO O AUTOMATIZADO | E1493: Hepatitis C ANTICUERPO SEMIAUTOMATIZADO O AUTOMATIZADO | F1493: 69225 | G1493: 72755.475 | H1493: 75700 | I1493: 72755.475
A1494: 1489 | B1494: =MERCADO!B1494 -> 90622501 | C1494: =MERCADO!C1494 -> 906225 | D1494: HEPATITIS C ANTICUERPOS ANTI-HVC (TAMIZAJE PRUEBA CUALITATIVA) - PRUEBA RAPIDA | E1494: Hepatitis C ANTICUERPO SEMIAUTOMATIZADO O AUTOMATIZADO | F1494: 69225 | G1494: 72755.475 | H1494: 75700 | I1494: 72755.475
A1495: 1490 | B1495: =MERCADO!B1495 -> 90622502 | C1495: =MERCADO!C1495 -> 906225 | D1495: HEPATITIS C ANTICUERPOS ANTI-HVC (TAMIZAJE PRUEBA CUALITATIVA)-PRUEBA RAPIDA DE URGENCIA | E1495: Hepatitis C ANTICUERPO SEMIAUTOMATIZADO O AUTOMATIZADO | F1495: 51898 | G1495: 54544.798 | H1495: 56800 | I1495: 54544.798
A1496: 1491 | B1496: =MERCADO!B1496 -> 906307 | C1496: =MERCADO!C1496 -> 906307 | D1496: CHLAMYDIA TRACHOMATIS ANTIGENO MUESTRA CERVICAL O URETRAL | E1496: Chlamydia trachomatis ANTÍGENO SEMIAUTOMATIZADO O AUTOMATIZADO | F1496: 71873 | G1496: 75538.523 | H1496: 78600 | I1496: 75538.523
... A1579: 1574 | B1579: =MERCADO!B1579 -> 890408 | C1579: =MERCADO!C1579 -> 890408 | D1579: INTERCONSULTA POR PSICOLOGIA | E1579: INTERCONSULTA POR PSICOLOGIA | F1579: 84672 | G1579: 88990.272 | H1579: 47900 | I1579: 47900
A1580: 1575 | B1580: =MERCADO!B1580 -> 890207 | C1580: =MERCADO!C1580 -> 890207 | D1580: CONSULTA DE PRIMERA VEZ POR OPTOMETRIA | E1580: CONSULTA DE PRIMERA VEZ POR OPTOMETRIA | F1580: NO OFERTA | G1580: NO OFERTA | H1580: 53100 | I1580: 53100
A1581: 1576 | B1581: =MERCADO!B1581 -> 89020207 | C1581: =MERCADO!C1581 -> 890202 | D1581: CONSULTA DE PRIMERA VEZ POR OTRAS ESPECIALIDADES MEDICAS (CARDIOLOGIA) | E1581: CONSULTA DE PRIMERA VEZ POR OTRAS ESPECIALIDADES MEDICAS (CARDIOLOGIA) | F1581: NO OFERTA | G1581: NO OFERTA | H1581: 141500 | I1581: 141500
A1582: 1577 | B1582: =MERCADO!B1582 -> 89020211 | C1582: =MERCADO!C1582 -> 890202 | D1582: CONSULTA DE PRIMERA VEZ POR OTRAS ESPECIALIDADES MEDICAS (CIRUGIA PLASTICA ESTETICA Y RECONSTRUCTIVA) | E1582: CONSULTA DE PRIMERA VEZ POR OTRAS ESPECIALIDADES MEDICAS (CIRUGIA PLASTICA ESTETICA Y RECONSTRUCTIVA) | F1582: NO OFERTA | G1582: NO OFERTA | H1582: 141500 | I1582: 141500
A1583: 1578 | B1583: =MERCADO!B1583 -> 89020212 | C1583: =MERCADO!C1583 -> 890202 | D1583: CONSULTA DE PRIMERA VEZ POR OTRAS ESPECIALIDADES MEDICAS (CIRUGIA VASCULAR) | E1583: CONSULTA DE PRIMERA VEZ POR OTRAS ESPECIALIDADES MEDICAS (CIRUGIA VASCULAR) | F1583: NO OFERTA | G1583: NO OFERTA | H1583: 141500 | I1583: 141500
A1584: 1579 | B1584: =MERCADO!B1584 -> 89020214 | C1584: =MERCADO!C1584 -> 890202 | D1584: CONSULTA DE PRIMERA VEZ POR OTRAS ESPECIALIDADES MEDICAS (NEUROCIRUGIA) | E1584: CONSULTA DE PRIMERA VEZ POR OTRAS ESPECIALIDADES MEDICAS (NEUROCIRUGIA) | F1584: NO OFERTA | G1584: NO OFERTA | H1584: 141500 | I1584: 141500
A1585: 1580 | B1585: =MERCADO!B1585 -> 89020219 | C1585: =MERCADO!C1585 -> 890202 | D1585: CONSULTA DE PRIMERA VEZ POR OTRAS ESPECIALIDADES MEDICAS (NEUMOLOGIA) | E1585: CONSULTA DE PRIMERA VEZ POR OTRAS ESPECIALIDADES MEDICAS (NEUMOLOGIA) | F1585: NO OFERTA | G1585: NO OFERTA | H1585: 141500 | I1585: 141500
A1586: 1581 | B1586: =MERCADO!B1586 -> 89020201 | C1586: =MERCADO!C1586 -> 890202 | D1586: CONSULTA DE PRIMERA VEZ POR OTRAS ESPECIALIDADES MEDICAS (MEDICINA INTERNA) | E1586: CONSULTA DE PRIMERA VEZ POR OTRAS ESPECIALIDADES MEDICAS (MEDICINA INTERNA) | F1586: NO OFERTA | G1586: NO OFERTA | H1586: 141500 | I1586: 141500
A1587: 1582 | B1587: =MERCADO!B1587 -> 89020202 | C1587: =MERCADO!C1587 -> 890202 | D1587: CONSULTA DE PRIMERA VEZ POR OTRAS ESPECIALIDADES MEDICAS (CIRUGIA GENERAL) | E1587: CONSULTA DE PRIMERA VEZ POR OTRAS ESPECIALIDADES MEDICAS (CIRUGIA GENERAL) | F1587: NO OFERTA | G1587: NO OFERTA | H1587: 141500 | I1587: 141500
A1588: 1583 | B1588: =MERCADO!B1588 -> 89020204 | C1588: =MERCADO!C1588 -> 890202 | D1588: CONSULTA DE PRIMERA VEZ POR OTRAS ESPECIALIDADES MEDICAS (ORTOPEDIA Y TRAUMATOLOGIA) | E1588: CONSULTA DE PRIMERA VEZ POR OTRAS ESPECIALIDADES MEDICAS (ORTOPEDIA Y TRAUMATOLOGIA) | F1588: NO OFERTA | G1588: NO OFERTA | H1588: 141500 | I1588: 141500
A1589: 1584 | B1589: =MERCADO!B1589 -> 89020209 | C1589: =MERCADO!C1589 -> 890202 | D1589: CONSULTA DE PRIMERA VEZ POR OTRAS ESPECIALIDADES MEDICAS (CIRUGIA MAXILOFACIAL) | E1589: CONSULTA DE PRIMERA VEZ POR OTRAS ESPECIALIDADES MEDICAS (CIRUGIA MAXILOFACIAL) | F1589: NO OFERTA | G1589: NO OFERTA | H1589: 141500 | I1589: 141500
A1590: 1585 | B1590: =MERCADO!B1590 -> 89020216 | C1590: =MERCADO!C1590 -> 890202 | D1590: CONSULTA DE PRIMERA VEZ POR OTRAS ESPECIALIDADES MEDICAS (OTORRINOLARINGOLOGIA) | E1590: CONSULTA DE PRIMERA VEZ POR OTRAS ESPECIALIDADES MEDICAS (OTORRINOLARINGOLOGIA) | F1590: NO OFERTA | G1590: NO OFERTA | H1590: 141500 | I1590: 141500
A1591: 1586 | B1591: =MERCADO!B1591 -> 890226 | C1591: =MERCADO!C1591 -> 890226 | D1591: CONSULTA DE PRIMERA VEZ POR ESPECIALISTA EN ANESTESIOLOGIA | E1591: CONSULTA DE PRIMERA VEZ POR ESPECIALISTA EN ANESTESIOLOGIA | F1591: 127008 | G1591: 133485.41 | H1591: 138900 | I1591: 133485.41
A1592: 1587 | B1592: =MERCADO!B1592 -> 890235 | C1592: =MERCADO!C1592 -> 890235 | D1592: CONSULTA DE PRIMERA VEZ POR ESPECIALISTA EN CIRUGIA GENERAL | E1592: CONSULTA DE PRIMERA VEZ POR ESPECIALISTA EN CIRUGIA GENERAL | F1592: 127008 | G1592: 133485.41 | H1592: 101000 | I1592: 101000
A1593: 1588 | B1593: =MERCADO!B1593 -> 890236 | C1593: =MERCADO!C1593 -> 890236 | D1593: CONSULTA DE PRIMERA VEZ POR ESPECIALISTA EN CIRUGIA MAXILOFACIAL | E1593: CONSULTA DE PRIMERA VEZ POR ESPECIALISTA EN CIRUGIA MAXILOFACIAL | F1593: 127008 | G1593: 133485.41 | H1593: 138900 | I1593: 133485.41
A1594: 1589 | B1594: =MERCADO!B1594 -> 890242 | C1594: =MERCADO!C1594 -> 890242 | D1594: CONSULTA DE PRIMERA VEZ POR ESPECIALISTA EN DERMATOLOGIA | E1594: CONSULTA DE PRIMERA VEZ POR ESPECIALISTA EN DERMATOLOGIA | F1594: 127008 | G1594: 133485.41 | H1594: 138900 | I1594: 133485.41
A1595: 1590 | B1595: =MERCADO!B1595 -> 890250 | C1595: =MERCADO!C1595 -> 890250 | D1595: CONSULTA DE PRIMERA VEZ POR ESPECIALISTA EN GINECOLOGIA Y OBSTETRICIA | E1595: CONSULTA DE PRIMERA VEZ POR ESPECIALISTA EN GINECOLOGIA Y OBSTETRICIA | F1595: 127008 | G1595: 133485.41 | H1595: 101000 | I1595: 101000
A1596: 1591 | B1596: =MERCADO!B1596 -> 890266 | C1596: =MERCADO!C1596 -> 890266 | D1596: CONSULTA DE PRIMERA VEZ POR ESPECIALISTA EN MEDICINA INTERNA | E1596: CONSULTA DE PRIMERA VEZ POR ESPECIALISTA EN MEDICINA INTERNA | F1596: 127008 | G1596: 133485.41 | H1596: 101000 | I1596: 101000
A1597: 1592 | B1597: =MERCADO!B1597 -> 890276 | C1597: =MERCADO!C1597 -> 890276 | D1597: CONSULTA DE PRIMERA VEZ POR ESPECIALISTA EN OFTALMOLOGIA | E1597: CONSULTA DE PRIMERA VEZ POR ESPECIALISTA EN OFTALMOLOGIA | F1597: 127008 | G1597: 133485.41 | H1597: 138900 | I1597: 133485.41
A1598: 1593 | B1598: =MERCADO!B1598 -> 890280 | C1598: =MERCADO!C1598 -> 890280 | D1598: CONSULTA DE PRIMERA VEZ POR ESPECIALISTA EN ORTOPEDIA Y TRAUMATOLOGIA | E1598: CONSULTA DE PRIMERA VEZ POR ESPECIALISTA EN ORTOPEDIA Y TRAUMATOLOGIA | F1598: 127008 | G1598: 133485.41 | H1598: 138900 | I1598: 133485.41
A1599: 1594 | B1599: =MERCADO!B1599 -> 890282 | C1599: =MERCADO!C1599 -> 890282 | D1599: CONSULTA DE PRIMERA VEZ POR ESPECIALISTA EN OTORRINOLARINGOLOGIA | E1599: CONSULTA DE PRIMERA VEZ POR ESPECIALISTA EN OTORRINOLARINGOLOGIA | F1599: 127008 | G1599: 133485.41 | H1599: 138900 | I1599: 133485.41
A1600: 1595 | B1600: =MERCADO!B1600 -> 890283 | C1600: =MERCADO!C1600 -> 890283 | D1600: CONSULTA DE PRIMERA VEZ POR ESPECIALISTA EN PEDIATRIA | E1600: CONSULTA DE PRIMERA VEZ POR ESPECIALISTA EN PEDIATRIA | F1600: 127008 | G1600: 133485.41 | H1600: 101000 | I1600: 101000
A1601: 1596 | B1601: =MERCADO!B1601 -> 890326 | C1601: =MERCADO!C1601 -> 890326 | D1601: CONSULTA DE CONTROL O DE SEGUIMIENTO POR ESPECIALISTA EN ANESTESIOLOGIA | E1601: CONSULTA DE CONTROL O DE SEGUIMIENTO POR ESPECIALISTA EN ANESTESIOLOGIA | F1601: 127008 | G1601: 133485.41 | H1601: 138900 | I1601: 133485.41
A1602: 1597 | B1602: =MERCADO!B1602 -> 890335 | C1602: =MERCADO!C1602 -> 890335 | D1602: CONSULTA DE CONTROL O DE SEGUIMIENTO POR ESPECIALISTA EN CIRUGIA GENERAL | E1602: CONSULTA DE CONTROL O DE SEGUIMIENTO POR ESPECIALISTA EN CIRUGIA GENERAL | F1602: 127008 | G1602: 133485.41 | H1602: 101000 | I1602: 101000
... A1632: 1627 | B1632: =MERCADO!B1632 -> 890783 | C1632: =MERCADO!C1632 -> 890783 | D1632: CONSULTA DE URGENCIAS. POR ESPECIALISTA EN PEDIATRIA | E1632: CONSULTA DE URGENCIAS. POR ESPECIALISTA EN PEDIATRIA | F1632: 127008 | G1632: 133485.41 | H1632: 138900 | I1632: 133485.41
A1633: 1628 | B1633: =MERCADO!B1633 -> 89020203 | C1633: =MERCADO!C1633 -> 890202 | D1633: CONSULTA DE PRIMERA VEZ POR OTRAS ESPECIALIDADES MEDICAS (GINECOLOGIA Y OBSTETRICIA) | E1633: CONSULTA DE PRIMERA VEZ POR OTRAS ESPECIALIDADES MEDICAS (GINECOLOGIA Y OBSTETRICIA) | F1633: NO OFERTA | G1633: NO OFERTA | H1633: 141500 | I1633: 141500
A1634: 1629 | B1634: =MERCADO!B1634 -> 890302 | C1634: =MERCADO!C1634 -> 890302 | D1634: CONSULTA DE CONTROL O DE SEGUIMIENTO POR OTRAS ESPECIALIDADES MEDICAS | E1634: CONSULTA DE CONTROL O DE SEGUIMIENTO POR OTRAS ESPECIALIDADES MEDICAS | F1634: 105840 | G1634: 111237.84 | H1634: 115800 | I1634: 111237.84
A1635: 1630 | B1635: =MERCADO!B1635 -> 890482 | C1635: =MERCADO!C1635 -> 890482 | D1635: INTERCONSULTA POR ESPECIALISTA EN OTORRINOLARINGOLOGIA | E1635: INTERCONSULTA POR ESPECIALISTA EN OTORRINOLARINGOLOGIA | F1635: 127008 | G1635: 133485.41 | H1635: 138900 | I1635: 133485.41
A1636: 1631 | B1636: =MERCADO!B1636 -> 890284 | C1636: =MERCADO!C1636 -> 890284 | D1636: CONSULTA DE PRIMERA VEZ POR ESPECIALISTA EN PSIQUIATRIA | E1636: CONSULTA DE PRIMERA VEZ POR ESPECIALISTA EN PSIQUIATRIA | F1636: 148176 | G1636: 155732.98 | H1636: 101000 | I1636: 101000
A1637: 1632 | B1637: =MERCADO!B1637 -> 890384 | C1637: =MERCADO!C1637 -> 890384 | D1637: CONSULTA DE CONTROL O DE SEGUIMIENTO POR ESPECIALISTA EN PSIQUIATRIA | E1637: CONSULTA DE CONTROL O DE SEGUIMIENTO POR ESPECIALISTA EN PSIQUIATRIA | F1637: 148176 | G1637: 155732.98 | H1637: 101000 | I1637: 101000
A1638: 1633 | B1638: =MERCADO!B1638 -> 890484 | C1638: =MERCADO!C1638 -> 890484 | D1638: INTERCONSULTA POR ESPECIALISTA EN PSIQUIATRIA | E1638: INTERCONSULTA POR ESPECIALISTA EN PSIQUIATRIA | F1638: 148176 | G1638: 155732.98 | H1638: 162100 | I1638: 155732.98
A1639: 1634 | B1639: =MERCADO!B1639 -> 89020217 | C1639: =MERCADO!C1639 -> 890202 | D1639: CONSULTA DE PRIMERA VEZ POR OTRAS ESPECIALIDADES MEDICAS (PSIQUIATRIA) | E1639: CONSULTA DE PRIMERA VEZ POR OTRAS ESPECIALIDADES MEDICAS (PSIQUIATRIA) | F1639: NO OFERTA | G1639: NO OFERTA | H1639: 141500 | I1639: 141500
A1640: 1635 | B1640: =MERCADO!B1640 -> 890701 | C1640: =MERCADO!C1640 -> 890701 | D1640: CONSULTA DE URGENCIAS POR MEDICINA GENERAL | E1640: CONSULTA DE URGENCIAS POR MEDICINA GENERAL | F1640: NO OFERTA | G1640: NO OFERTA | H1640: 79000 | I1640: 79000
A1641: 1636 | B1641: =MERCADO!B1641 -> 890307 | C1641: =MERCADO!C1641 -> 890307 | D1641: CONSULTA DE CONTROL O DE SEGUIMIENTO POR OPTOMETRIA | E1641: CONSULTA DE CONTROL O DE SEGUIMIENTO POR OPTOMETRIA | F1641: NO OFERTA | G1641: NO OFERTA | H1641: 92600 | I1641: 92600
A1642: 1637 | B1642: =MERCADO!B1642 -> 89020215 | C1642: =MERCADO!C1642 -> 890202 | D1642: CONSULTA DE PRIMERA VEZ POR OTRAS ESPECIALIDADES MEDICAS (OFTALMOLOGIA) | E1642: CONSULTA DE PRIMERA VEZ POR OTRAS ESPECIALIDADES MEDICAS (OFTALMOLOGIA) | F1642: NO OFERTA | G1642: NO OFERTA | H1642: 141500 | I1642: 141500
A1643: 1638 | B1643: =MERCADO!B1643 -> 890202 | C1643: =MERCADO!C1643 -> 890202 | D1643: CONSULTA DE PRIMERA VEZ POR OTRAS ESPECIALIDADES MEDICAS (EN URGENCIAS) | E1643: CONSULTA DE PRIMERA VEZ POR OTRAS ESPECIALIDADES MEDICAS (EN URGENCIAS) | F1643: NO OFERTA | G1643: NO OFERTA | H1643: 141500 | I1643: 141500
A1644: 1639 | B1644: =MERCADO!B1644 -> 89020208 | C1644: =MERCADO!C1644 -> 890202 | D1644: CONSULTA DE PRIMERA VEZ POR OTRAS ESPECIALIDADES MEDICAS (CARDIOLOGIA PEDIATRICA) | E1644: CONSULTA DE PRIMERA VEZ POR OTRAS ESPECIALIDADES MEDICAS (CARDIOLOGIA PEDIATRICA) | F1644: 127008 | G1644: 133485.41 | H1644: 138900 | I1644: 133485.41
A1645: 1640 | B1645: =MERCADO!B1645 -> 89020213 | C1645: =MERCADO!C1645 -> 890202 | D1645: CONSULTA DE PRIMERA VEZ POR OTRAS ESPECIALIDADES MEDICAS (DERMATOLOGIA) | E1645: CONSULTA DE PRIMERA VEZ POR OTRAS ESPECIALIDADES MEDICAS (DERMATOLOGIA) | F1645: 127008 | G1645: 133485.41 | H1645: 138900 | I1645: 133485.41
A1646: 1641 | B1646: =MERCADO!B1646 -> 89020222 | C1646: =MERCADO!C1646 -> 890202 | D1646: CONSULTA DE PRIMERA VEZ POR OTRAS ESPECIALIDADES MEDICAS (NEFROLOGIA) | E1646: CONSULTA DE PRIMERA VEZ POR OTRAS ESPECIALIDADES MEDICAS (NEFROLOGIA) | F1646: 127008 | G1646: 133485.41 | H1646: 138900 | I1646: 133485.41
A1647: 1642 | B1647: =MERCADO!B1647 -> 890274 | C1647: =MERCADO!C1647 -> 890274 | D1647: CONSULTA DE PRIMERA VEZ POR ESPECIALISTA EN NEUROLOGIA | E1647: CONSULTA DE PRIMERA VEZ POR ESPECIALISTA EN NEUROLOGIA | F1647: 142249 | G1647: 149503.7 | H1647: 155600 | I1647: 149503.7
A1648: 1643 | B1648: =MERCADO!B1648 -> 890374 | C1648: =MERCADO!C1648 -> 890374 | D1648: CONSULTA DE CONTRL O DE SEGUIMIENTO POR ESPECIALISTA EN NEUROLOGIA | E1648: CONSULTA DE CONTRL O DE SEGUIMIENTO POR ESPECIALISTA EN NEUROLOGIA | F1648: 142249 | G1648: 149503.7 | H1648: 155600 | I1648: 149503.7
A1649: 1644 | B1649: =MERCADO!B1649 -> 890474 | C1649: =MERCADO!C1649 -> 890474 | D1649: INTERCONSULTA POR ESPECIALISTA EN NEUROLOGIA | E1649: INTERCONSULTA POR ESPECIALISTA EN NEUROLOGIA | F1649: 142249 | G1649: 149503.7 | H1649: 155600 | I1649: 149503.7
A1650: 1645 | B1650: =MERCADO!B1650 -> 890243 | C1650: =MERCADO!C1650 -> 890243 | D1650: CONSULTA DE PRIMERA VEZ POR ESPECIALISTA EN DOLOR Y CUIDADOS PALIATIVOS | E1650: CONSULTA DE PRIMERA VEZ POR ESPECIALISTA EN DOLOR Y CUIDADOS PALIATIVOS | F1650: 127008 | G1650: 133485.41 | H1650: 138900 | I1650: 133485.41
A1651: 1646 | B1651: =MERCADO!B1651 -> 890343 | C1651: =MERCADO!C1651 -> 890343 | D1651: CONSULTA DE CONTROL O DE SEGUIMIENTO POR ESPECIALISTA EN DOLOR Y CUIDADOS PALIATIVOS | E1651: CONSULTA DE CONTROL O DE SEGUIMIENTO POR ESPECIALISTA EN DOLOR Y CUIDADOS PALIATIVOS | F1651: 127008 | G1651: 133485.41 | H1651: 138900 | I1651: 133485.41
...

Sheet TECNICO
A1: PRESTACIÓN DE SERVICIOS DE SALUD DE BAJA Y MEDIANA COMPLEJIDAD, CON IPS EN EL ÁREA DE: URGENCIAS, HOSPITALIZACIÓN (Y DEMÁS SERVICIOS QUE SE DERIVE DE ELLOS), MEDICINA GENERAL, MEDICINA ESPECIALIZADA, CIRUGÍA AMBULATORIA, INYECTOLOGIA, PARA EL PERSONAL DE USUARIOS RESIDENTES EN EL MUNICIPIO DE BUGA Y SU ÁREA DE INFLUENCIA (YOTOCO, SAN PEDRO, GUACARI, GINEBRA, RESTREPO Y DARIÉN)
A5: ITEM | B5: CODIGO IPS | C5: ALTERNO | D5: DESCRIPCION IPS | E5: DESCRIPCION CUPS | F5: OFRECE | G5: NO OFRECE
A6: 1 | B6: 908856 | C6: 908856 | D6: PCR IDENTIFICACIÓN DE OTRO VIRUS (ESPECÍFICA) POR PRUEBAS MOLECULARES | E6: IDENTIFICACIÓN DE OTRO VIRUS (ESPECÍFICA) POR PRUEBAS MOLECULARES
A7: 2 | B7: 903043 | C7: 903043 | D7: PRUEBA DE ALIENTO (13 C UREA) PARA HELICOBACTER PILORY | E7: PRUEBA DE ALIENTO (13 C UREA) PARA HELICOBACTER PILORY
A8: 3 | B8: 711110 | C8: 711110 | D8: BIOPSIA DE LABIO MAYOR VULVA | E8: BIOPSIA DE LABIO MAYOR VULVA
A9: 4 | B9: 272301 | C9: 272301 | D9: BIOPSIA INCISIONAL DE LABIO | E9: BIOPSIA INCISIONAL DE LABIO
A10: 5 | B10: 718101 | C10: 718101 | D10: EXTRACCION DE CUERPO EXTRAÑO DE VULVA O PERINE SIN INCISION | E10: EXTRACCIÓN DE CUERPO EXTRAÑO DE VULVA O PERINÉ SIN INCISIÓN
A11: 6 | B11: 136504 | C11: 136504 | D11: CAPSULOTOMIA MANUAL | E11: CAPSULOTOMÍA MANUAL
A12: 7 | B12: 243101 | C12: 243101 | D12: ESCISION DE LESION BENIGNA ENCAPSULADA EN ENCIA HASTA DE TRES CENTIMETROS | E12: ESCISIÓN DE LESIÓN BENIGNA ENCAPSULADA EN ENCÍA HASTA DE TRES CENTÍMETROS
A13: 8 | B13: 255006 | C13: 255006 | D13: PLASTIA DE FRENILLO LINGUAL | E13: PLASTIA DE FRENILLO LINGUAL
A14: 9 | B14: 272401 | C14: 272401 | D14: BIOPSIA POR ASPIRACION CON AGUJA FINA EN CAVIDAD ORAL [BACAF] | E14: BIOPSIA POR ASPIRACIÓN CON AGUJA FINA EN CAVIDAD ORAL [BACAF]
A15: 10 | B15: 274901 | C15: 274901 | D15: REMOCION DE CUERPO EXTRAÑO EN TEJIDOS BLANDOS DE LA BOCA | E15: REMOCIÓN DE CUERPO EXTRAÑO EN TEJIDOS BLANDOS DE LA BOCA
A16: 11 | B16: 275201 | C16: 275201 | D16: ESTOMATORRAFIA (SUTURA DE HERIDA EN MUCOSA ORAL) DE MENOS DE CINCO CENTIMETROS | E16: ESTOMATORRAFIA (SUTURA DE HERIDA EN MUCOSA ORAL) DE MENOS DE CINCO CENTÍMETROS
A17: 12 | B17: 275202 | C17: 275202 | D17: ESTOMATORRAFIA (SUTURA DE HERIDA EN MUCOSA ORAL) DE MAS DE CINCO CENTIMETROS | E17: ESTOMATORRAFIA (SUTURA DE HERIDA EN MUCOSA ORAL) DE MÁS DE CINCO CENTÍMETROS
... A1681: 1676 | B1681: 937001 | C1681: 937001 | D1681: TERAPIA FONOAUDIOLOGICA INTEGRAL SOD | E1681: TERAPIA FONOAUDIOLÓGICA INTEGRAL SOD
A1682: 1677 | B1682: S22101 | C1682: 5DS002 | D1682: SALA DE CURACIONES | E1682: DERECHOS DE SALA DE CURACIONES O PROCEDIMIENTOS
A1683: 1678 | B1683: 965201 | C1683: 965201 | D1683: LAVADO E IRRIGACION DE OIDOS | E1683: LAVADO E IRRIGACIÓN DE OÍDOS
A1684: 1679 | B1684: 931001 | C1684: 931001 | D1684: TERAPIA FISICA INTEGRAL | E1684: TERAPIA FÍSICA INTEGRAL
A1685: 1680 | B1685: 939403 | C1685: 939403 | D1685: TERAPIA RESPIRATORIA INTEGRAL | E1685: TERAPIA RESPIRATORIA INTEGRAL
A1686: 1681 | B1686: 53109 | C1686: 53109 | D1686: BLOQUEO DE NERVIOS PUDENDOS | E1686: BLOQUEO DE NERVIOS PUDENDOS
A1687: 1682 | B1687: 893808 | C1687: 893808 | D1687: ESPIROMETRIA O CURVA DE FLUJO VOLUMEN SIMPLE | E1687: ESPIROMETRÍA O CURVA DE FLUJO VOLUMEN SIMPLE
A1688: 1683 | B1688: 964901 | C1688: 964901 | D1688: INSTILACION GENITOURINARIA SOD | E1688: INSTILACIÓN GENITOURINARIA SOD
A1689: 1684 | B1689: 110002 | C1689: 110002 | D1689: EXTRACCION DE CUERPO EXTRAÑO PROFUNDO EN CORNEA | E1689: EXTRACCIÓN DE CUERPO EXTRAÑO PROFUNDO EN CÓRNEA
A1690: 1685 | B1690: 951103 | C1690: 951103 | D1690: FOTOGRAFIA A COLOR DE SEGMENTO POSTERIOR DEL OJO | E1690: FOTOGRAFÍA A COLOR DE SEGMENTO POSTERIOR DEL OJO
A1691: 1686 | B1691: 951102 | C1691: 951102 | D1691: FOTOGRAFIA A COLOR DE SEGMENTO ANTERIOR DEL OJO | E1691: FOTOGRAFÍA A COLOR DE SEGMENTO ANTERIOR DEL OJO
A1692: 1687 | B1692: 881313 | C1692: 881313 | D1692: ECOGRAFIA DE ABDOMEN (PILORO) | E1692: ECOGRAFÍA DE ABDOMEN (PÍLORO)
A1693: 1688 | B1693: 881211 | C1693: 881211 | D1693: ECOGRAFIA DE TORAX (PERICARDIO O PLEURA) | E1693: ECOGRAFÍA DE TÓRAX (PERICARDIO O PLEURA)
A1694: 1689 | B1694: 881130 | C1694: 881130 | D1694: ECOGRAFÍA DE TEJIDOS BLANDOS DE CARA | E1694: ECOGRAFÍA DE TEJIDOS BLANDOS DE CARA
... A2085: 2080 | B2085: 91100302 | C2085: 911003 | D2085: COOMBS INDIRECTO. PRUEBA CUALITATIVA | E2085: COOMBS INDIRECTO. PRUEBA CUALITATIVA
A2086: 2081 | B2086: S12103 | C2086: 110A01 | D2086: INTERNACIÓN EN UNIDAD DE CUIDADO INTENSIVO ADULTOS | E2086: INTERNACIÓN EN UNIDAD DE CUIDADO INTENSIVO ADULTOS
A2087: 2082 | B2087: S12101 | C2087: 108A01 | D2087: INTERNACIÓN EN UNIDAD DE CUIDADO INTENSIVO NEONATAL | E2087: INTERNACIÓN EN UNIDAD DE CUIDADO INTENSIVO NEONATAL
A2088: 2083 | B2088: S12400 | C2088: 120B01 | D2088: INTERNACIÓN EN UNIDAD DE CUIDADO BÁSICO NEONATAL (CUNA O INCUBADORA) | E2088: INTERNACIÓN EN UNIDAD DE CUIDADO BÁSICO NEONATAL (CUNA O INCUBADORA)
A2089: 2084 | B2089: S12203 | C2089: 107M01 | D2089: INTERNACIÓN EN UNIDAD DE CUIDADO INTERMEDIO ADULTO | E2089: INTERNACIÓN EN UNIDAD DE CUIDADO INTERMEDIO ADULTO
A2090: 2085 | B2090: S12201 | C2090: 105M01 | D2090: INTERNACIÓN EN UNIDAD DE CUIDADO INTERMEDIO NEONATAL | E2090: INTERNACIÓN EN UNIDAD DE CUIDADO INTERMEDIO NEONATAL
A2091: 2086 | B2091: S11301 | C2091: 129A01 | D2091: INTERNACIÓN COMPLEJIDAD ALTA HABITACION UNIPERSONAL (INCLUYE AISLAMIENTO) | E2091: INTERNACIÓN COMPLEJIDAD ALTA HABITACION UNIPERSONAL (INCLUYE AISLAMIENTO)
A2092: 2087 | B2092: S11302 | C2092: 129A02 | D2092: INTERNACIÓN COMPLEJIDAD ALTA HABITACION BIPERSONAL | E2092: INTERNACIÓN COMPLEJIDAD ALTA HABITACION BIPERSONAL
A2093: 2088 | B2093: s11303 | C2093: 129A02 | D2093: INTERNACIÓN COMPLEJIDAD ALTA TRES O MÁS CAMAS | E2093: INTERNACIÓN COMPLEJIDAD ALTA TRES O MÁS CAMAS
A2094: 2089 | B2094: S11304 | C2094: 129A02 | D2094: INTERNACIÓN COMPLEJIDAD ALTA CUATRO O MÁS CAMAS | E2094: INTERNACIÓN COMPLEJIDAD ALTA CUATRO O MÁS CAMAS
A2095: 2090 | B2095: S20200 | C2095: 5DSA01 | D2095: SALA DE OBSERVACION (URGENCIAS) DE COMPLEJIDAD ALTA SOD | E2095: SALA DE OBSERVACION (URGENCIAS) DE COMPLEJIDAD ALTA SOD
A2096: 2091 | B2096: S22101 | C2096: 5DS002 | D2096: SALA DE CURACIONES | E2096: SALA DE CURACIONES
A2097: 2092 | B2097: 890402 | C2097: 890402 | D2097: INTERCONSULTA POR OTRAS ESPECIALIDADES MEDICAS | E2097: INTERCONSULTA POR OTRAS ESPECIALIDADES MEDICAS
A2098: 2093 | B2098: 890402 | C2098: 890402 | D2098: INTERCONSULTA POR ESPECIALISTA EN URGENCIAS O EMERGENCIAS | E2098: INTERCONSULTA POR ESPECIALISTA EN URGENCIAS O EMERGENCIAS
A2099: 2094 | B2099: 89025001 | C2099: 890202 | D2099: CONSULTA DE PRIMERA VEZ POR ESPECIALISTA EN PERINATOLOGIA - MEDICINA MATERNO FETAL | E2099: CONSULTA DE PRIMERA VEZ POR ESPECIALISTA EN PERINATOLOGIA - MEDICINA MATERNO FETAL
A2100: 2095 | B2100: 89035001 | C2100: 890302 | D2100: CONSULTA DE CONTROL POR ESPECIALISTA EN PERINATOLOGIA - MEDICINA MATERNO FETAL | E2100: CONSULTA DE CONTROL POR ESPECIALISTA EN PERINATOLOGIA - MEDICINA MATERNO FETAL
A2101: 2096 | B2101: 89045001 | C2101: 890402 | D2101: INTERCONSULTA POR ESPECIALISTA EN PERINATOLOGIA - MEDICINA MATERNO FETAL | E2101: INTERCONSULTA POR ESPECIALISTA EN PERINATOLOGIA - MEDICINA MATERNO FETAL
A2102: 2097 | B2102: 890254 | C2102: 890254 | D2102: CONSULTA DE PRIMERA VEZ POR ESPECIALISTA EN INFECTOLOGÍA | E2102: CONSULTA DE PRIMERA VEZ POR ESPECIALISTA EN INFECTOLOGÍA
A2103: 2098 | B2103: 890354 | C2103: 890354 | D2103: CONSULTA DE CONTROL O DE SEGUIMIENTO POR ESPECIALISTA EN INFECTOLOGÍA | E2103: CONSULTA DE CONTROL O DE SEGUIMIENTO POR ESPECIALISTA EN INFECTOLOGÍA
A2104: 2099 | B2104: 890454 | C2104: 890454 | D2104: INTERCONSULTA POR ESPECIALISTA EN INFECTOLOGÍA | E2104: INTERCONSULTA POR ESPECIALISTA EN INFECTOLOGÍA
A2105: 2100 | B2105: 890701 | C2105: 890701 | D2105: CONSULTA DE URGENCIAS POR MEDICINA GENERAL | E2105: CONSULTA DE URGENCIAS POR MEDICINA GENERAL
A2106: 2101 | B2106: 890207 | C2106: 890207 | D2106: CONSULTA DE PRIMERA VEZ POR OPTOMETRIA | E2106: CONSULTA DE PRIMERA VEZ POR OPTOMETRIA
A2107: 2102 | B2107: 89020224 | C2107: 890202 | D2107: CONSULTA DE PRIMERA VEZ POR OTRAS ESPECIALIDADES MEDICAS (RADIOLOGIA INTERVENCIONISTA) | E2107: CONSULTA DE PRIMERA VEZ POR OTRAS ESPECIALIDADES MEDICAS (RADIOLOGIA INTERVENCIONISTA)
A2108: 2103 | B2108: 89020203 | C2108: 890202 | D2108: CONSULTA DE PRIMERA VEZ POR OTRAS ESPECIALIDADES MEDICAS (GINECOLOGIA Y OBSTETRICIA) | E2108: CONSULTA DE PRIMERA VEZ POR OTRAS ESPECIALIDADES MEDICAS (GINECOLOGIA Y OBSTETRICIA)
... A2125: 2120 | B2125: 881511 | C2125: 881511 | D2125: ECOGRAFIA TESTICULAR CON ANALISIS DOPPLER | E2125: ECOGRAFIA TESTICULAR CON ANALISIS DOPPLER
A2126: 2121 | C2126: 883101 | D2126: Resonancia Magnetica De Cerebro | E2126: Resonancia Magnetica De Cerebro
A2127: 2122 | C2127: 883102 | D2127: Resonancia Magnetica De Base De Craneo O Silla Turca | E2127: Resonancia Magnetica De Base De Craneo O Silla Turca
A2128: 2123 | C2128: 883103 | D2128: Resonancia Magnetica De Orbitas | E2128: Resonancia Magnetica De Orbitas
A2129: 2124 | C2129: 883105 | D2129: Resonancia Magnetica De Articulacion Temporomandibular | E2129: Resonancia Magnetica De Articulacion Temporomandibular
A2130: 2125 | C2130: 883108 | D2130: Resonancia Magnetica De Pares Craneanos | E2130: Resonancia Magnetica De Pares Craneanos
A2131: 2126 | C2131: 883109 | D2131: Resonancia Magnetica De Oidos | E2131: Resonancia Magnetica De Oidos
A2132: 2127 | C2132: 883110 | D2132: Resonancia Magnetica De Senos Paranasales O Cara | E2132: Resonancia Magnetica De Senos Paranasales O Cara
A2133: 2128 | C2133: 883111 | D2133: Resonancia Magnetica De Cuello | E2133: Resonancia Magnetica De Cuello
A2134: 2129 | C2134: 883210 | D2134: Resonancia Magnetica De Columna Cervical Simple | E2134: Resonancia Magnetica De Columna Cervical Simple
A2135: 2130 | C2135: 883211 | D2135: Resonancia Magnetica De Columna Cervical Con Contraste | E2135: Resonancia Magnetica De Columna Cervical Con Contraste
A2136: 2131 | C2136: 883220 | D2136: Resonancia Magnetica De Columna Toracica Simple | E2136: Resonancia Magnetica De Columna Toracica Simple
A2137: 2132 | C2137: 883221 | D2137: Resonancia Magnetica De Columna Toracica Con Contraste | E2137: Resonancia Magnetica De Columna Toracica Con Contraste
... A2156: 2151 | C2156: 998702 | D2156: Soporte De Sedacion Para Consulta O Apoyo Diagnostico por cada estudio | E2156: Soporte De Sedacion Para Consulta O Apoyo Diagnostico por cada estudio
A2157: 2152 | B2157: 881439 | C2157: 881439 | D2157: NEUROSONOGRAFÍA FETAL | E2157: NEUROSONOGRAFÍA FETAL
A2158: 2153 | B2158: 881438 | C2158: 881438 | D2158: ECOCARDIOGRAFÍA FETAL | E2158: ECOCARDIOGRAFÍA FETAL
A2159: 2154 | B2159: 751101 | C2159: 751101 | D2159: AMNIOCENTESIS DIAGNOSTICA (incluir laboratorios especiales) | E2159: AMNIOCENTESIS DIAGNOSTICA (incluir laboratorios especiales)
A2160: 2155 | B2160: 751201 | C2160: 751201 | D2160: AMNIODRENAJE | E2160: AMNIODRENAJE
A2161: 2156 | B2161: 894402 | C2161: 894402 | D2161: PRUEBA DE CAMINATA DE 6 MINUTOS | E2161: PRUEBA DE CAMINATA DE 6 MINUTOS
A2162: 2157 | B2162: 893701 | C2162: 893701 | D2162: VOLÚMENES PULMONARES POR PLETISMOGRAFIA, PRE Y POST BRONCODILATADORES | E2162: VOLÚMENES PULMONARES POR PLETISMOGRAFIA, PRE Y POST BRONCODILATADORES
A2163: 2158 | B2163: 893806 | C2163: 893806 | D2163: CAPACIDAD DE DIFUSIÓN CON MONÓXIDO DE CARBONO | E2163: CAPACIDAD DE DIFUSIÓN CON MONÓXIDO DE CARBONO
A2164: 2159 | B2164: 893810 | C2164: 893810 | D2164: MEDICIÓN DE LA FUERZA MUSCULAR RESPIRATORIA (PIM-PEM AJUSTADO CON VOLÚMENES PULMONARES) | E2164: MEDICIÓN DE LA FUERZA MUSCULAR RESPIRATORIA (PIM-PEM AJUSTADO CON VOLÚMENES PULMONARES)
A2165: 2160 | B2165: 893813 | C2165: 893813 | D2165: RESISTENCIA DE LAS VÍAS AÉREAS POR PLETISMOGRAFÍA PRE Y POST BRONCODILATADORES | E2165: RESISTENCIA DE LAS VÍAS AÉREAS POR PLETISMOGRAFÍA PRE Y POST BRONCODILATADORES
A2166: 2161 | B2166: 893815 | C2166: 893815 | D2166: PRUEBA DE BRONCO PROVOCACIÓN ESPECÍFICA (ALERGENO) O INESPECÍFICA | E2166: PRUEBA DE BRONCO PROVOCACIÓN ESPECÍFICA (ALERGENO) O INESPECÍFICA
A2167: 2162 | B2167: 893818 | C2167: 893818 | D2167: MEDICION NO INVASIVA DE CO2 O CAPNOGRAFIA | E2167: MEDICION NO INVASIVA DE CO2 O CAPNOGRAFIA
A2168: 2163 | B2168: 893819 | C2168: 893819 | D2168: MEDICIÓN DE LA FRACCIÓN EXHALADA DE OXIDO NÍTRICO | E2168: MEDICIÓN DE LA FRACCIÓN EXHALADA DE OXIDO NÍTRICO
... A2186: 2181 | B2186: 869501 | C2186: 869501 | D2186: CURACION BAJA COMPLEJIDAD | E2186: CURACION BAJA COMPLEJIDAD
A2187: 2182 | B2187: 965901-1 | C2187: 965901-1 | D2187: CURACION MEDIANA COMPLEJIDAD | E2187: CURACION MEDIANA COMPLEJIDAD
A2188: 2183 | B2188: 965902 | C2188: 965902 | D2188: CURACION ALTA COMPLEJIDAD | E2188: CURACION ALTA COMPLEJIDAD
A2189: 2184 | B2189: 962401 | C2189: 962401 | D2189: CANALIZACION DE FISTULAS ENTERO - ADMOSFERICA DE ALTO GASTO | E2189: CANALIZACION DE FISTULAS ENTERO - ADMOSFERICA DE ALTO GASTO
A2190: 2185 | B2190: 970401 | C2190: 970401 | D2190: SUSTITUCION DE TUBO O DISPOSITIVO DE ENTEROSTOMIA DEL INTESTINO DELGADO O GRUESO (ILEOSTOMIA- COLOSTOMIA ) | E2190: SUSTITUCION DE TUBO O DISPOSITIVO DE ENTEROSTOMIA DEL INTESTINO DELGADO O GRUESO (ILEOSTOMIA- COLOSTOMIA )
A2191: 2186 | B2191: 599401 | C2191: 599401 | D2191: REEMPLAZO DE DISPOSITIVO DE CISTOSTOMÍA | E2191: REEMPLAZO DE DISPOSITIVO DE CISTOSTOMÍA
A2192: 2187 | B2192: 901009 | C2192: 901009 | D2192: 901009 DETECCIÓN DE CARBAPENEMASAS (EDTA, TEST DE HODGE MODIFICADO, ÁCIDO BORÓNICO). | E2192: 901009 DETECCIÓN DE CARBAPENEMASAS (EDTA, TEST DE HODGE MODIFICADO, ÁCIDO BORÓNICO).
B2195: PAQUETES
B2197: CÓDIGO IPS | C2197: CODIGO CUPS | D2197: DESCRIPCIÓN | E2197: OFRECE | F2197: NO OFRECE
B2198: PAQUETES DE ANGIO TOMOGRAFIAS Y UROTAC
B2199: 87990101 | C2199: 879901 | D2199: ANGIO-TAC de Torax para Embolismo Pulmonar
B2200: 87990102 | C2200: 879901 | D2200: ANGIO-TAC de vasos intracraneales
B2201: 87990103 | C2201: 879901 | D2201: ANGIO-TAC de Cuello
B2202: 87990104 | C2202: 879901 | D2202: ANGIO-TAC de Aorta Taracoabdominal
B2203: 87990105 | C2203: 879901 | D2203: ANGIO-TAC de Aorta Abdominal
B2204: 87990106 | C2204: 879901 | D2204: ANGIO-TAC de miembros Inferiores
B2205: 87990107 | C2205: 879901 | D2205: ANGIO-TC de miembros superiores
B2206: 879430 | C2206: 879430 | D2206: UROTAC
B2207: HEMODIALISIS
B2208: 39950101 | C2208: 399501 | D2208: HEMODIALISIS EN PACIENTE RENAL AGUDO SES
B2209: 549002 | C2209: 549012 | D2209: INSERCION DE CATETER PARA HEMODIALISIS
B2210: 399804 | C2210: 399804 | D2210: HEMODIAFILTRACIÓN VENOVENOSA 72 HORAS
...

Sheet D NIÑO
A1: CUPS | B1: HOMOLOGO SOAT | C1: DESCRIPCION CUPS | D1: TIPO DE SERVICIO | E1: SOAT 2026 | F1: TARIFA
A2: 863103 | B2: 37405 | C2: RESECCION DE LESIONES CUTANEAS POR CAUTERIZACION, FULGURACION O CRIOTERAPIA EN AREA ESPECIAL, HASTA TRES LESIONES | D2: ABLACION DE LESIONES CUTANEAS POR CAUTERIZACION, FULGURACION O CRIOTERAPIA | E2: 102700 | F2: SOAT PLENO
A3: 863104 | B3: 37406 | C3: RESECCION DE LESIONES CUTANEAS POR CAUTERIZACION, FULGURACION O CRIOTERAPIA EN AREA ESPECIAL, ENTRE TRES A DIEZ LESIONES | D3: ABLACION DE LESIONES CUTANEAS POR CAUTERIZACION, FULGURACION O CRIOTERAPIA | E3: 185000 | F3: SOAT PLENO
A4: 994301 | B4: 40114 | C4: ADMINISTRACIÓN DE ANTITOXINA DIFTÉRICA SOD | D4: ADMINISTRACION ANTITOXINA DIFTERICA | E4: 10500 | F4: SOAT PLENO
A5: 994101 | B5: 40114 | C5: ADMINISTRACIÓN DE ANTITOXINA TETÁNICA SOD | D5: ADMINISTRACION ANTITOXINA TETANICA | E5: 10500 | F5: SOAT PLENO
A6: 992101 | B6: 37203 | C6: INFILTRACIÓN, IRRIGACIÓN O INSTILACIÓN DE MEDICAMENTOS EN SUBESCARA | D6: ADMINISTRACION O INFUSION DE ANTIBIOTICO | E6: 37900 | F6: SOAT PLENO
A7: 248201 | B7: 36301 | C7: AJUSTAMIENTO OCLUSAL SOD | D7: AJUSTE OCLUSAL | E7: 132100 | F7: SOAT PLENO
A8: 240301 | B8: 36307 | C8: ALISADO RADICULAR - CAMPO CERRADO SOD | D8: ALISADO RADICULAR | E8: 162900 | F8: SOAT PLENO
A9: 935601 | C9: APLICACION DE VENDAJE DE PRESION | D9: APLICACION DE VENDAJES DE PRESION | E9: 22500 | F9: PROPIA
A10: 935101 | B10: 37208 | C10: APLICACIÓN DE VENDAJE ENYESADO SOD | D10: APLICACION VENDAJE ENYESADO | E10: 163400 | F10: SOAT PLENO
A11: 702203 | C11: COLPOSCOPIA | D11: COLPOSCOPIAS | E11: 233800 | F11: PROPIA
A12: 758001 | B12: 37109 | C12: TAPONAMIENTO OBSTÉTRICO DE ÚTERO | D12: COMPRESION HEMOSTATICA | E12: 144200 | F12: SOAT PLENO
A13: 758002 | B13: 37109 | C13: TAPONAMIENTO OBSTÉTRICO DE VAGINA | D13: COMPRESION HEMOSTATICA | E13: 144200 | F13: SOAT PLENO
A14: 890350 | B14: 39143 | C14: CONSULTA DE CONTROL O DE SEGUIMIENTO POR ESPECIALISTA EN GINECOLOGÍA Y OBSTETRICIA | D14: CONSULTA DE CONTROL O DE SEGUIMIENTO | E14: 101000 | F14: SOAT PLENO
A15: 890366 | B15: 39143 | C15: CONSULTA DE CONTROL O DE SEGUIMIENTO POR ESPECIALISTA EN MEDICINA INTERNA | D15: CONSULTA DE CONTROL O DE SEGUIMIENTO | E15: 101000 | F15: SOAT PLENO
A16: 890383 | B16: 39143 | C16: CONSULTA DE CONTROL O DE SEGUIMIENTO POR ESPECIALISTA EN PEDIATRÍA | D16: CONSULTA DE CONTROL O DE SEGUIMIENTO | E16: 101000 | F16: SOAT PLENO
A17: 890384 | B17: 39143 | C17: CONSULTA DE CONTROL O DE SEGUIMIENTO POR ESPECIALISTA EN PSIQUIATRÍA | D17: CONSULTA DE CONTROL O DE SEGUIMIENTO | E17: 101000 | F17: SOAT PLENO
A18: 890301 | B18: 39141 | C18: CONSULTA DE CONTROL O DE SEGUIMIENTO POR MEDICINA GENERAL | D18: CONSULTA DE CONTROL O DE SEGUIMIENTO | E18: 70000 | F18: SOAT PLENO
A19: 890306 | B19: 37601 | C19: CONSULTA DE CONTROL O DE SEGUIMIENTO POR NUTRICIÓN Y DIETÉTICA | D19: CONSULTA DE CONTROL O DE SEGUIMIENTO | E19: 50800 | F19: SOAT PLENO
A20: 890303 | B20: 36101 | C20: CONSULTA DE CONTROL O DE SEGUIMIENTO POR ODONTOLOGÍA GENERAL | D20: CONSULTA DE CONTROL O DE SEGUIMIENTO | E20: 47900 | F20: SOAT PLENO
A21: 890310 | B21: 29114 | C21: CONSULTA DE CONTROL O DE SEGUIMIENTO POR FONOAUDIOLOGÍA | D21: CONSULTA DE CONTROL O DE SEGUIMIENTO | E21: 44900 | F21: SOAT PLENO
A22: 890311 | B22: 29112 | C22: CONSULTA DE CONTROL O DE SEGUIMIENTO POR FISIOTERAPIA | D22: CONSULTA DE CONTROL O DE SEGUIMIENTO | E22: 44900 | F22: SOAT PLENO
A23: 890308 | B23: 35104 | C23: CONSULTA DE CONTROL O DE SEGUIMIENTO POR PSICOLOGÍA | D23: CONSULTA DE CONTROL O DE SEGUIMIENTO | E23: 43200 | F23: SOAT PLENO
... A44: 890235 | B44: 39143 | C44: CONSULTA DE PRIMERA VEZ POR ESPECIALISTA EN CIRUGIA GENERAL | D44: CONSULTAS DE PRIMERA VEZ | E44: 101000 | F44: SOAT PLENO
A45: 890105 | B45: No aplica | C45: ATENCIÓN (VISITA) DOMICILIARIA, POR ENFERMERÍA | D45: CONSULTAS DOMICILIARIAS | E45: 45200 | F45: PROPIA
A46: 890108 | C46: ATENCION ( VISITA ) DOMICILIARIA - POR PSICOLOGIA | D46: CONSULTAS DOMICILIARIAS | E46: 55571.25 | F46: PROPIA
A47: 890116 | C47: ATENCION ( VISITA ) DOMICILIARIA POR OTRO PROFESIONAL DE LA SALUD | D47: CONSULTAS DOMICILIARIAS | E47: 81211.2 | F47: PROPIA
A48: 890101 | B48: 40100 | C48: ATENCION ( VISITA ) DOMICILIARIA - POR MEDICINA GENERAL | D48: CONSULTAS DOMICILIARIAS | E48: 1884600 | F48: SOAT PLENO
A49: 890109 | B49: 37702 | C49: ATENCION ( VISITA ) DOMICILIARIA - POR TRABAJO SOCIAL | D49: CONSULTAS DOMICILIARIAS | E49: 40300 | F49: SOAT PLENO
A50: 890106 | C50: ATENCION ( VISITA ) DOMICILIARIA - POR NUTRICION Y DIETETICA | D50: CONSULTAS DOMICILIARIAS | E50: 44247 | F50: PROPIA
A51: 890112 | C51: ATENCION ( VISITA ) DOMICILIARIA - POR TERAPIA RESPIRATORIA | D51: CONSULTAS DOMICILIARIAS | E51: 64213.8 | F51: PROPIA
A52: 890114 | C52: ATENCION ( VISITA ) DOMICILIARIA - POR PROMOTOR DE LA SALUD | D52: CONSULTAS DOMICILIARIAS | E52: 10300 | F52: PROPIA
A53: 890103 | C53: ATENCION ( VISITA ) DOMICILIARIA - POR ODONTOLOGIA GENERAL | D53: CONSULTAS DOMICILIARIAS | E53: 55600 | F53: PROPIA
A54: 890111 | C54: ATENCION ( VISITA ) DOMICILIARIA - POR FISIOTERAPIA | D54: CONSULTAS DOMICILIARIAS | E54: 67381.65 | F54: PROPIA
A55: 890115 | C55: ATENCION ( VISITA ) DOMICILIARIA - POR EQUIPO INTERDISCIPLINARIO | D55: CONSULTAS DOMICILIARIAS | E55: 185010 | F55: PROPIA
A56: 210101 | C56: CONTROL DE EPISTAXIS - POR TAPONAMIENTO ANTERIOR VIA TRANSNASAL | D56: CONTROL DE EPISTAXIS, POR TAPONAMIENTO NASAL ANTERIOR | E56: 86200 | F56: PROPIA
A57: 210201 | B57: 27122 | C57: CONTROL DE EPISTAXIS, POR TAPONAMIENTO POSTERIOR VÍA TRANSNASAL | D57: CONTROL DE EPISTAXIS, POR TAPONAMIENTO NASAL POSTERIOR Y ANTERIOR | E57: 296500 | F57: SOAT PLENO
A58: 210203 | B58: 27122 | C58: CONTROL DE EPISTAXIS, POR TAPONAMIENTO ANTERIOR Y POSTERIOR | D58: CONTROL DE EPISTAXIS, POR TAPONAMIENTO NASAL POSTERIOR Y ANTERIOR | E58: 296500 | F58: SOAT PLENO
A59: 249101 | B59: 36613 | C59: CONTROL DE HEMORRAGIA DENTAL POS QUIRÚRGICA SOD | D59: CONTROL DE HEMORRAGIA DE ORIGEN DENTAL POSQUIRURGICA | E59: 127800 | F59: SOAT PLENO
A60: 890601 | B60: 39131 | C60: CUIDADO ( MANEJO ) INTRAHOSPITALARIO POR MEDICINA GENERAL | D60: CUIDADO (MANEJO) Y ASISTENCIA INTRAHOSPITALARIA | E60: 68700 | F60: SOAT PLENO
A61: 5DS004 | B61: 39221 | C61: DERECHOS DE SALA DE YESOS | D61: DERECHOS DE SALA | E61: 135400 | F61: SOAT PLENO
A62: 5DS003 | B62: 39201 | C62: DERECHOS DE SALA DE PEQUEÑA CIRUGÍA (SUTURAS) | D62: DERECHOS DE SALA | E62: 95700 | F62: SOAT PLENO
A63: 5DS002 | B63: 39202 | C63: DERECHOS DE SALA DE CURACIONES O PROCEDIMIENTOS | D63: DERECHOS DE SALA | E63: 41400 | F63: SOAT PLENO
A64: 240201 | B64: 36303 | C64: DETARTRAJE SUBGINGIVAL SOD | D64: DETARTRAJES SUBGINGIVALES | E64: 194400 | F64: SOAT PLENO
A65: 940901 | B65: 35102 | C65: DETERMINACIÓN DEL ESTADO MENTAL POR PSICOLOGÍA | D65: DETERMINACION DEL ESTADO MENTAL PSICOLOGICO | E65: 47900 | F65: SOAT PLENO
A66: 712002 | C66: INCISION Y DRENAJE DE LA GLANDULA DE BARTHOLIN | D66: DRENAJE DE LAS GLANDULAS DE BARTHOLIN | E66: 385900 | F66: PROPIA
A67: 861103 | B67: 37404 | C67: DRENAJE DE HEMATOMA SUBUNGUEAL POR INCISIÓN O ASPIRACIÓN | D67: DRENAJE DE TEJIDOS BLANDOS | E67: 127200 | F67: SOAT PLENO
A68: 990101 | B68: 39360 | C68: EDUCACIÓN GRUPAL EN SALUD, POR MEDICINA GENERAL | D68: EDUCACION GRUPAL EN SALUD | E68: 21600 | F68: SOAT PLENO
A69: 990104 | B69: 39360 | C69: EDUCACIÓN GRUPAL EN SALUD, POR ENFERMERÍA | D69: EDUCACION GRUPAL EN SALUD | E69: 21600 | F69: SOAT PLENO
A70: 990105 | B70: 39360 | C70: EDUCACIÓN GRUPAL EN SALUD, POR NUTRICIÓN Y DIETÉTICA | D70: EDUCACION GRUPAL EN SALUD | E70: 21600 | F70: SOAT PLENO
A71: 990106 | B71: 39360 | C71: EDUCACIÓN GRUPAL EN SALUD, POR PSICOLOGÍA | D71: EDUCACION GRUPAL EN SALUD | E71: 21600 | F71: SOAT PLENO
A72: 990113 | B72: 39360 | C72: EDUCACION GRUPAL EN SALUD - POR EQUIPO INTERDISCIPLINARIO | D72: EDUCACION GRUPAL EN SALUD | E72: 17000 | F72: SOAT PLENO
A73: 990107 | B73: 37704 | C73: EDUCACION GRUPAL EN SALUD - POR TRABAJO SOCIAL | D73: EDUCACION GRUPAL EN SALUD | E73: 25100 | F73: SOAT PLENO
A74: 990111 | B74: 39360 | C74: EDUCACION GRUPAL EN SALUD - POR AGENTE EDUCATIVO. -- EXCY : EDUCACION GRUPAL EN SALUD POR PROMOTOR DE SANEAMIENTO AMBIENTAL ( I1. 0. - A4. ) | D74: EDUCACION GRUPAL EN SALUD | E74: 17000 | F74: SOAT PLENO
A75: 990103 | B75: 39360 | C75: EDUCACION GRUPAL EN SALUD - POR ODONTOLOGIA | D75: EDUCACION GRUPAL EN SALUD | E75: 17000 | F75: SOAT PLENO
A76: 990112 | B76: 36903 | C76: EDUCACION GRUPAL EN SALUD - POR HIGIENE ORAL | D76: EDUCACION GRUPAL EN SALUD | E76: 25600 | F76: SOAT PLENO
A77: 990108 | B77: 39360 | C77: EDUCACION GRUPAL EN SALUD - POR FISIOTERAPIA | D77: EDUCACION GRUPAL EN SALUD | E77: 17000 | F77: SOAT PLENO
A78: 990204 | B78: 39360 | C78: EDUCACIÓN INDIVIDUAL EN SALUD, POR ENFERMERÍA | D78: EDUCACION INDIVIDUAL EN SALUD | E78: 21600 | F78: SOAT PLENO
A79: 990203 | B79: 36901 | C79: EDUCACION INDIVIDUAL EN SALUD - POR ODONTOLOGIA | D79: EDUCACION INDIVIDUAL EN SALUD | E79: 25600 | F79: SOAT PLENO
A80: 990213 | C80: EDUCACION INDIVIDUAL EN SALUD - POR EQUIPO INTERDISCIPLINARIO | D80: EDUCACION INDIVIDUAL EN SALUD | E80: 25179 | F80: SOAT PLENO
A81: 990201 | B81: 39360 | C81: EDUCACION INDIVIDUAL EN SALUD - POR MEDICINA GENERAL | D81: EDUCACION INDIVIDUAL EN SALUD | E81: 17000 | F81: SOAT PLENO
A82: 990211 | C82: EDUCACION INDIVIDUAL EN SALUD - POR AGENTE EDUCATIVO. -- EXCY : EDUCACION INDIVIDUAL EN SALUD POR PROMOTOR DE SANEAMIENTO AMBIENTAL ( I1. 0. - A4. ) | D82: EDUCACION INDIVIDUAL EN SALUD | E82: 11800 | F82: PROPIA
A83: 933701 | C83: ENTRENAMIENTO PRE - PERI Y POST PARTO SOD | D83: ENTRENAMIENTOS PRE, PERI Y POST PARTO | E83: 13846.35 | F83: SOAT PLENO
A84: 861203 | C84: EXTRACCIÓN DE ANTICONCEPTIVOS SUBDÉRMICOS POR INCISIÓN | D84: EXTRACCION DE ANTICONCEPTIVOS SUBDERMICOS POR INCISION | E84: 256200 | F84: PROPIA
A85: 981201 | B85: 27120 | C85: EXTRACCIÓN DE CUERPO EXTRAÑO DE LA NARIZ SIN INCISIÓN VÍA TRANSNASAL | D85: EXTRACCION DE CUERPO EXTRAÑO Y CALCULO NO OPERATORIO | E85: 118500 | F85: SOAT PLENO
A86: 977101 | C86: EXTRACCIÓN DE DISPOSITIVO ANTICONCEPTIVO INTRAUTERINO (DIU) SOD | D86: EXTRACCION DE DISPOSITIVO ANTICONCEPTIVO INTRAUTERINO (DIU) | E86: 285900 | F86: PROPIA
A87: 976501 | B87: 23116 | C87: EXTRACCIÓN DE DISPOSITIVO URETRAL | D87: EXTRACCION DE DISPOSITIVOS URETRALES | E87: 60700 | F87: SOAT PLENO
A88: 977301 | C88: EXTRACCION DE DIAFRAGMA VAGINAL SOD | D88: EXTRACCION DIAFRAGMA VAGINAL | E88: 60900 | F88: PROPIA
A89: 978301 | B89: 39202 | C89: EXTRACCIÓN DE SUTURAS DE PARED ABDOMINAL SOD | D89: EXTRACCION O RETIRO DE SUTURAS DE PARED ABDOMINAL | E89: 41400 | F89: SOAT PLENO
A90: 977501 | C90: EXTRACCION DE TAPON ( MECHA ) VAGINAL O VULVAR SOD | D90: EXTRACCION O RETIRO DE TAPON (MECHA) VAGINAL O VULVAR | E90: 226800 | F90: PROPIA
A91: 977201 | B91: 37108 | C91: EXTRACCIÓN DE TAPÓN INTRAUTERINO SOD | D91: EXTRACCION O RETIRO DE TAPON INTRAUTERINO | E91: 112100 | F91: SOAT PLENO
A92: 981101 | B92: 27119 | C92: EXTRACCIÓN SIN INCISIÓN DE CUERPO EXTRAÑO DE CONDUCTO AUDITIVO EXTERNO SOD | D92: EXTRACCION O RETIRO SIN INCISION DE CUERPO EXTRAÑO DE CONDUCTO AUDITIVO EXTERNO | E92: 118500 | F92: SOAT PLENO
A93: 982601 | B93: No aplica | C93: EXTRACCIÓN SIN INCISIÓN DE CUERPO EXTRAÑO EN MANO SOD | D93: EXTRACCION O RETIRO SIN INCISION DE CUERPO EXTRAÑO EN MANO | E93: 488900 | F93: PROPIA
A94: 982801 | C94: EXTRACCIÓN SIN INCISIÓN DE CUERPO EXTRAÑO EN PIE SOD | D94: EXTRACCION O RETIRO SIN INCISION DE CUERPO EXTRAÑO EN PIE | E94: 776200 | F94: PROPIA
A95: 981301 | C95: EXTRACCION SIN INCISION DE CUERPO EXTRAÑO INTRALUMINAL DE LA FARINGE SOD | D95: EXTRACCION O RETIRO SIN INCISION DE CUERPO EXTRAÑO INTRALUMINAL DE LA FARINGE | E95: 291800 | F95: PROPIA
A96: 973201 | B96: 27125 | C96: EXTRACCIÓN DE TAPÓN NASAL SOD | D96: EXTRACCION TAPON NASAL | E96: 49000 | F96: SOAT PLENO
A97: 247402 | B97: 36705 | C97: FERULIZACIÓN SEMIRÍGIDA (SUPERIOR O INFERIOR) | D97: FERULIZACIONES | E97: 165200 | F97: SOAT PLENO
A98: 247401 | B98: 36611 | C98: FERULIZACION RIGIDA ( SUPERIOR O INFERIOR ) | D98: FERULIZACIONES | E98: 162900 | F98: SOAT PLENO
A99: 274101 | B99: 36805 | C99: FRENILLECTOMIA LABIAL VÍA ABIERTA | D99: FRENILLECTOMIA LABIAL | E99: 156400 | F99: SOAT PLENO
A100: 881302 | B100: 31109 | C100: ECOGRAFÍA DE ABDOMEN TOTAL | D100: IMAGENOLOGIA | E100: 453500 | F100: SOAT PLENO
A101: 876802 | B101: 21210 | C101: MAMOGRAFÍA BILATERAL | D101: IMAGENOLOGIA | E101: 410300 | F101: SOAT PLENO
A102: 881305 | B102: 31105 | C102: ECOGRAFÍA DE ABDOMEN SUPERIOR | D102: IMAGENOLOGIA | E102: 360100 | F102: SOAT PLENO
A103: 876801 | B103: 21212 | C103: MAMOGRAFÍA UNILATERAL O DE PIEZA QUIRÚRGICA | D103: IMAGENOLOGIA | E103: 336800 | F103: SOAT PLENO
A104: 881511 | B104: 31111 | C104: ECOGRAFÍA TESTICULAR CON ANÁLISIS DOPPLER | D104: IMAGENOLOGIA | E104: 315700 | F104: SOAT PLENO
A105: 881435 | B105: 31103 | C105: ECOGRAFÍA OBSTÉTRICA CON EVALUACIÓN DE CIRCULACIÓN PLACENTARIA Y FETAL | D105: IMAGENOLOGIA | E105: 314000 | F105: SOAT PLENO
A106: 882298 | B106: 31103 | C106: ECOGRAFÍA DOPPLER OBSTETRICA CON EVALUACION DE CIRCULACION PLACENTARIA | D106: IMAGENOLOGIA | E106: 314000 | F106: SOAT PLENO
A107: 882317 | B107: 31215 | C107: ECOGRAFÍA DOPPLER DE VASOS VENOSOS DE MIEMBROS INFERIORES | D107: IMAGENOLOGIA | E107: 297100 | F107: SOAT PLENO
... A200: 870460 | B200: 36103 | C200: RADIOGRAFÍAS INTRAORALES CORONALES | D200: IMAGENOLOGIA | E200: 21600 | F200: SOAT PLENO
A201: 881437 | B201: No aplica | C201: ECOGRAFIA OBSTETRICA CON DETALLE ANATOMICO | D201: IMAGENOLOGIA | E201: 221100 | F201: PROPIA
A202: 881436 | B202: No aplica | C202: ECOGRAFIA OBSTETRICA CON TRANSLUCENCIA NUCAL | D202: IMAGENOLOGIA | E202: 189500 | F202: PROPIA
A203: 882316 | B203: No aplica | C203: ECOGRAFÍA DOPPLER DE VASOS VENOSOS DE MIEMBRO SUPERIOR | D203: IMAGENOLOGIA | E203: 401600 | F203: PROPIA
A204: 882307 | B204: No aplica | C204: ECOGRAFÍA DOPPLER DE VASOS ARTERIALES DE MIEMBROS SUPERIORES | D204: IMAGENOLOGIA | E204: 401600 | F204: PROPIA
A205: 882112 | B205: 31215 | C205: ECOGRAFÍA DOPPLER DE VASOS DEL CUELLO | D205: IMAGENOLOGIA | E205: 297100 | F205: SOAT PLENO
A206: 873422 | B206: 21102 | C206: RADIOGRAFÍA DE RODILLAS COMPARATIVAS POSICIÓN VERTICAL (ÚNICAMENTE VISTA ANTEROPOSTERIOR) | D206: IMAGENOLOGIA | E206: 127800 | F206: SOAT PLENO
A207: 870456 | B207: 36103 | C207: RADIOGRAFÍAS INTRAORALES PERIAPICALES JUEGO COMPLETO | D207: IMAGENOLOGIA | E207: 21600 | F207: SOAT PLENO
A208: 873202 | B208: 21101 | C208: RADIOGRAFÍA DE ARTICULACIONES ACROMIO CLAVICULARES COMPARATIVAS | D208: IMAGENOLOGIA | E208: 98600 | F208: SOAT PLENO
A209: 873340 | B209: 21101 | C209: RADIOGRAFÍA DE MIEMBRO INFERIOR (AP, LATERAL) | D209: IMAGENOLOGIA | E209: 98600 | F209: SOAT PLENO
A210: 881112 | B210: 31116 | C210: ECOGRAFIA CEREBRAL TRANSFONTANELAR CON TRANSDUCTOR DE 7.MHZ O MAS | D210: IMAGENOLOGIA | E210: 237000 | F210: SOAT PLENO
A211: 882132 | C211: ECOGRAFIA DOPPLER DE OTROS VASOS PERIFERICOS DEL CUELLO | D211: IMAGENOLOGIA | E211: 401600 | F211: PROPIA
A212: 881118 | B212: 31116 | C212: ECOGRAFIA CEREBRAL TRANSFONTANELAR CON ANALISIS DOPPLER | D212: IMAGENOLOGIA | E212: 237000 | F212: SOAT PLENO
...
